Workbook
Name Altasporespecialidade: #REF!
Name Altasporunidade: #REF!
Name Ambulatóriodereferência: #REF!
Name Anestesia: #REF!
Name Atividadessociais: #REF!
Name Centrocirúrgico: #REF!
Name Centroobstétrico: #REF!
Name CME: #REF!
Name DP: #REF!
Name Ecocardiograma: #REF!
Name Eletrocardiograma: #REF!
Name Endoscopiadigestivaalta: #REF!
Name Endoscopiadigestivabaixa: #REF!
Name Examesexternos: #REF!
Name Fisioterapia: #REF!
Name Hemodiálises: #REF!
Name Hemoterapia: #REF!
Name indice: #REF!
Name Índicedegirodeleitosunidade: #REF!
Name Internaçõesporespecialidade: #REF!
Name Internaçõesporfaixaetária: #REF!
Name Internaçõespormunicípio: #REF!
Name Internaçõesporunidade: #REF!
Name Laboratóriodeanálisesclínicas: #REF!
Name Leitosdiaporespecialidade: #REF!
Name Leitosdiaporunidade: #REF!
Name Leitosporunidade: #REF!
Name Manutenção: #REF!
Name Médiadepermanênciaporunidade: #REF!
Name Médiadiáriadepacientesporunidade: #REF!
Name Nutriçãodietética: #REF!
Name Óbitosinstitucionais: #REF!
Name Óbitosnãoinstitucionais: #REF!
Name Óbitosporespecialidade: #REF!
Name Óbitosporfaixaetária: #REF!
Name Óbitosporunidade: #REF!
Name Pacientesdiaporespecialidade: #REF!
Name Pacientesdiaporunidade: #REF!
Name Pacientessaídosespecialidade: #REF!
Name Pacientessaídosporunidade: #REF!
Name Porcentagemdeocupaçãoporunidade: #REF!
Name Processamentoroupa: #REF!
Name Radiologia: #REF!
Name Ressonância: #REF!
Name Resumogeral: #REF!
Name Taxademortalidadeportipo: #REF!
Name Taxademortalidadeporunidade: #REF!
Name Testeergométrico: #REF!
Name Tomografia: #REF!
Name Transferênciainternaporunidadeenviada: #REF!
Name Transferênciainternaporunidaderecebida: #REF!
Name Ultrasonografia: #REF!

Sheet Plano Estatístico Analitic 2020
B1: PLANO ESTATÍSTICO 2020
A2: CENTRO INTEGRADO DE INCLUSÃO E REABILITAÇÃO - CIIR
A4: PLANO ESTATÍSTICO | B4: JAN | C4: FEV | D4: MAR | E4: ABR | F4: MAI | G4: JUN | H4: JUL | I4: AGO | J4: SET | K4: OUT | L4: NOV | M4: DEZ | N4: ACUM | O4: MÉDIA
A5: 1 - Estatística do Ambulatório
A6: 1.1. Nº de Consultórios e Salas
A7: Consultórios | B7: 20 | C7: 20 | D7: 20 | E7: 20 | F7: 20 | G7: 20 | H7: 20 | I7: 20 | J7: 20 | K7: 20 | L7: 20 | M7: 20 | N7: =INDEX(B7:M7,COUNT(B7:M7)) -> 20 | O7: =IF(N7=0,0,AVERAGE(B7:M7)) -> 20
A8: Salas de Triagem | B8: 2 | C8: 2 | D8: 2 | E8: 2 | F8: 2 | G8: 2 | H8: 2 | I8: 2 | J8: 2 | K8: 2 | L8: 2 | M8: 2 | N8: =INDEX(B8:M8,COUNT(B8:M8)) -> 2 | O8: =IF(N8=0,0,AVERAGE(B8:M8)) -> 2
A9: Salas de Terapias | B9: 5 | C9: 5 | D9: 5 | E9: 5 | F9: 5 | G9: 5 | H9: 5 | I9: 5 | J9: 5 | K9: 5 | L9: 5 | M9: 5 | N9: =INDEX(B9:M9,COUNT(B9:M9)) -> 5 | O9: =IF(N9=0,0,AVERAGE(B9:M9)) -> 5
A10: Salas de Reabilitações | B10: 10 | C10: 10 | D10: 10 | E10: 10 | F10: 10 | G10: 10 | H10: 10 | I10: 10 | J10: 10 | K10: 10 | L10: 10 | M10: 10 | N10: =INDEX(B10:M10,COUNT(B10:M10)) -> 10 | O10: =IF(N10=0,0,AVERAGE(B10:M10)) -> 10
A11: Consultórios Odontológicos | B11: 4 | C11: 4 | D11: 4 | E11: 4 | F11: 4 | G11: 4 | H11: 4 | I11: 4 | J11: 4 | K11: 4 | L11: 4 | M11: 4 | N11: =INDEX(B11:M11,COUNT(B11:M11)) -> 4 | O11: =IF(N11=0,0,AVERAGE(B11:M11)) -> 4
A12: Sala de Exames | B12: 17 | C12: 17 | D12: 17 | E12: 17 | F12: 17 | G12: 17 | H12: 17 | I12: 17 | J12: 17 | K12: 17 | L12: 17 | M12: 17 | N12: =INDEX(B12:M12,COUNT(B12:M12)) -> 17 | O12: =IF(N12=0,0,AVERAGE(B12:M12)) -> 17
A13: Total | B13: =SUM(B7:B12) -> 58 | C13: =IF(SUM(C7:C12)=0,"",SUM(C7:C12)) -> 58 | D13: =IF(SUM(D7:D12)=0,"",SUM(D7:D12)) -> 58 | E13: =IF(SUM(E7:E12)=0,"",SUM(E7:E12)) -> 58 | F13: =IF(SUM(F7:F12)=0,"",SUM(F7:F12)) -> 58 | G13: =IF(SUM(G7:G12)=0,"",SUM(G7:G12)) -> 58 | H13: =IF(SUM(H7:H12)=0,"",SUM(H7:H12)) -> 58 | I13: =IF(SUM(I7:I12)=0,"",SUM(I7:I12)) -> 58 | J13: =IF(SUM(J7:J12)=0,"",SUM(J7:J12)) -> 58 | ... M13: =IF(SUM(M7:M12)=0,"",SUM(M7:M12)) -> 58 | N13: =SUM(N7:N12) -> 58 | O13: =SUM(O7:O12) -> 58
A15: 1.2. Nº de Atendimentos Ambulatoriais
A16: Atendimentos Médicos | B16: =SUM(B25:B38,B52:B55) -> 3411 | C16: =SUM(C25:C38,C52:C55) -> 3442 | D16: =SUM(D25:D38,D52:D55) -> 3176 | E16: =SUM(E25:E38,E52:E55) -> 1389 | F16: =SUM(F25:F38,F52:F55) -> 1239 | G16: =SUM(G25:G38,G52:G55) -> 1947 | H16: =SUM(H25:H38,H52:H55) -> 2702 | I16: =SUM(I25:I38,I52:I55) -> 3150 | J16: =SUM(J25:J26, J28:J38,J52:J55) -> 3697 | K16: =SUM(K25:K26, K28:K38,K52:K55) -> 3981 | L16: =SUM(L25:L26, L28:L38,L52:L55,L58:L66) -> 3855 | M16: =SUM(M25:M26, M28:M38,M52:M55,M58:M66) -> 2365 | N16: =SUM(B16:M16) -> 34354 | O16: =IF(N16=0,0,AVERAGE(B16:M16)) -> 2862.8333
A17: Atendimentos Não Médicos (Enfermagem e Nutrição) | B17: =SUM(B47:B48) -> 314 | C17: =SUM(C47:C48) -> 317 | D17: =SUM(D47:D48) -> 386 | E17: =SUM(E47:E48) -> 37 | F17: =SUM(F47:F48) -> 73 | G17: =SUM(G47:G48) -> 165 | H17: =SUM(H47:H48) -> 325 | I17: =SUM(I47:I48) -> 458 | J17: =SUM(J47:J48,J27) -> 384 | K17: =SUM(K47:K48,K27) -> 535 | L17: =SUM(L47:L48,L27) -> 372 | M17: =SUM(M47:M48,M27) -> 356 | N17: =SUM(B17:M17) -> 3722 | O17: =IF(N17=0,0,AVERAGE(B17:M17)) -> 310.16667
A18: Procedimentos Terapêuticos CER IV | B18: =SUM(B44:B46,B49:B51,B56)-B21 -> 10586 | C18: =SUM(C44:C46,C49:C51,C56)-C21 -> 7244 | D18: =SUM(D44:D46,D49:D51,D56)-D21 -> 4553 | E18: =SUM(E44:E46,E49:E51,E56)-E21 -> 171 | F18: =SUM(F44:F46,F49:F51,F56)-F21 -> 51 | G18: =SUM(G44:G46,G49:G51,G56)-G21 -> 10 | H18: =SUM(H44:H46,H49:H51,H56)-H21 -> 1494 | I18: =SUM(I44:I46,I49:I51,I56)-I21 -> 3642 | ... M18: =SUM(M44:M46,M49:M51,M56)-M21 -> 5055 | N18: =SUM(B18:M18) -> 48920 | O18: =IF(N18=0,0,AVERAGE(B18:M18)) -> 4076.6667
A19: Procedimentos Odontológicos CEO 2 | B19: =SUM(B39:B43) -> 2059 | C19: =SUM(C39:C43) -> 1526 | D19: =SUM(D39:D43) -> 1549 | E19: =SUM(E39:E43) -> 25 | F19: =SUM(F39:F43) -> 51 | G19: =SUM(G39:G43) -> 53 | H19: =SUM(H39:H43) -> 110 | I19: =SUM(I39:I43) -> 128 | ... M19: =SUM(M39:M43) -> 805 | N19: =SUM(B19:M19) -> 9265 | O19: =IF(N19=0,0,AVERAGE(B19:M19)) -> 772.08333
A20: Prótese Buco-Maxilo-Facial | B20: =B57 -> 4 | C20: =C57 -> 5 | D20: =D57 -> 1 | E20: =E57 -> 2 | G20: =G57 -> 7 | H20: =H57 -> 34 | I20: =I57 -> 28 | J20: =J57 -> 15 | K20: =K57 -> 22 | L20: =L57 -> 13 | M20: =M57 -> 22 | N20: =SUM(B20:M20) -> 153 | O20: =IF(N20=0,0,AVERAGE(B20:M20)) -> 13.909091
A21: Procedimentos Terapeuticos da Oficina | B21: =SUM(B117:B118) -> 220 | C21: =SUM(C117:C118) -> 209 | D21: =SUM(D117:D118) -> 152 | E21: =SUM(E117:E118) -> 38 | F21: =SUM(F117:F118) -> 45 | G21: =SUM(G117:G118) -> 364 | H21: =SUM(H117:H118) -> 355 | I21: =SUM(I117:I118) -> 181 | ... M21: =SUM(M117:M118) -> 241 | N21: =SUM(B21:M21) -> 2583 | O21: =IF(N21=0,0,AVERAGE(B21:M21)) -> 215.25
A22: Total | B22: =IF(SUM(B16:B21)=0,"",SUM(B16:B21)) -> 16594 | C22: =IF(SUM(C16:C21)=0,"",SUM(C16:C21)) -> 12743 | D22: =IF(SUM(D16:D21)=0,"",SUM(D16:D21)) -> 9817 | E22: =IF(SUM(E16:E21)=0,"",SUM(E16:E21)) -> 1662 | F22: =IF(SUM(F16:F21)=0,"",SUM(F16:F21)) -> 1459 | G22: =IF(SUM(G16:G21)=0,"",SUM(G16:G21)) -> 2546 | H22: =IF(SUM(H16:H21)=0,"",SUM(H16:H21)) -> 5020 | I22: =IF(SUM(I16:I21)=0,"",SUM(I16:I21)) -> 7587 | ... O22: =IF(SUM(O16:O21)=0,"",SUM(O16:O21)) -> 8250.9091
A24: 1.3. Nº de Atendimentos Ambulatoriais - Por Especialidade
A25: Anestesiologia | B25: 87 | C25: 67 | D25: 27 | E25: 15 | F25: 18 | G25: 32 | H25: 54 | I25: 24 | J25: 30 | K25: 56 | L25: 71 | M25: 77 | N25: =SUM(B25:M25) -> 558 | O25: =IF(N25=0,0,AVERAGE(B25:M25)) -> 46.5
A26: Clínica Médica | B26: 168 | C26: 265 | D26: 575 | E26: 222 | F26: 142 | G26: 89 | H26: 148 | I26: 241 | J26: 324 | K26: 304 | L26: 241 | M26: 209 | N26: =SUM(B26:M26) -> 2928 | O26: =IF(N26=0,0,AVERAGE(B26:M26)) -> 244
A27: Farmacologia Clinica | J27: 5 | K27: 1 | L27: 2 | M27: 1 | N27: =SUM(B27:M27) -> 9 | O27: =IF(N27=0,0,AVERAGE(B27:M27)) -> 2.25
A28: Cardiologista | B28: 296 | C28: 282 | D28: 289 | E28: 79 | F28: 143 | G28: 220 | H28: 311 | I28: 281 | J28: 341 | K28: 411 | L28: 403 | M28: 99 | N28: =SUM(B28:M28) -> 3155 | O28: =IF(N28=0,0,AVERAGE(B28:M28)) -> 262.91667
A29: Fisiatra | B29: 135 | C29: 133 | D29: 115 | E29: 31 | F29: 37 | G29: 82 | H29: 158 | I29: 146 | J29: 190 | K29: 153 | L29: 135 | M29: 142 | N29: =SUM(B29:M29) -> 1457 | O29: =IF(N29=0,0,AVERAGE(B29:M29)) -> 121.41667
A30: Geneticista | B30: 97 | C30: 70 | D30: 21 | E30: 15 | F30: 12 | G30: 35 | H30: 23 | I30: 32 | J30: 56 | K30: 75 | L30: 119 | M30: 50 | N30: =SUM(B30:M30) -> 605 | O30: =IF(N30=0,0,AVERAGE(B30:M30)) -> 50.416667
A31: Neurologia Adulto | B31: 249 | C31: 210 | D31: 174 | E31: 73 | F31: 102 | G31: 170 | H31: 198 | I31: 266 | J31: 212 | K31: 291 | L31: 206 | M31: 112 | N31: =SUM(B31:M31) -> 2263 | O31: =IF(N31=0,0,AVERAGE(B31:M31)) -> 188.58333
A32: Neurologia Infantil | B32: 284 | C32: 270 | D32: 223 | E32: 125 | F32: 118 | G32: 136 | H32: 257 | I32: 274 | J32: 306 | K32: 290 | L32: 280 | M32: 276 | N32: =SUM(B32:M32) -> 2839 | O32: =IF(N32=0,0,AVERAGE(B32:M32)) -> 236.58333
A33: Oftalmologista | B33: 417 | C33: 408 | D33: 287 | E33: 179 | F33: 96 | G33: 152 | H33: 193 | I33: 439 | J33: 451 | K33: 454 | L33: 429 | M33: 209 | N33: =SUM(B33:M33) -> 3714 | O33: =IF(N33=0,0,AVERAGE(B33:M33)) -> 309.5
A34: Ortopedista Adulto | B34: 296 | C34: 405 | D34: 297 | E34: 119 | F34: 104 | G34: 213 | H34: 241 | I34: 334 | J34: 336 | K34: 361 | L34: 418 | M34: 120 | N34: =SUM(B34:M34) -> 3244 | O34: =IF(N34=0,0,AVERAGE(B34:M34)) -> 270.33333
A35: Otorrinolaringologista | B35: 499 | C35: 442 | D35: 359 | E35: 177 | F35: 173 | G35: 259 | H35: 292 | I35: 330 | J35: 439 | K35: 421 | L35: 367 | M35: 291 | N35: =SUM(B35:M35) -> 4049 | O35: =IF(N35=0,0,AVERAGE(B35:M35)) -> 337.41667
A36: Urologista | B36: 53 | C36: 131 | D36: 97 | E36: 48 | F36: 23 | G36: 67 | H36: 71 | I36: 104 | J36: 85 | K36: 113 | L36: 114 | M36: 35 | N36: =SUM(B36:M36) -> 941 | O36: =IF(N36=0,0,AVERAGE(B36:M36)) -> 78.416667
A37: Proctogastroenterologia | B37: 64 | C37: 137 | D37: 117 | E37: 53 | F37: 44 | G37: 81 | H37: 171 | I37: 171 | J37: 187 | K37: 190 | L37: 152 | M37: 120 | N37: =SUM(B37:M37) -> 1487 | O37: =IF(N37=0,0,AVERAGE(B37:M37)) -> 123.91667
A38: Psiquiatra | B38: 250 | C38: 128 | D38: 100 | E38: 59 | F38: 81 | G38: 103 | H38: 138 | I38: 96 | J38: 56 | K38: 64 | L38: 149 | M38: 179 | N38: =SUM(B38:M38) -> 1403 | O38: =IF(N38=0,0,AVERAGE(B38:M38)) -> 116.91667
A39: Cirurgião Dentista Esp. Necessidades Especiais | B39: =B109 -> 1095 | C39: =C109 -> 616 | D39: =D109 -> 581 | E39: =E109 -> 7 | F39: =F109 -> 7 | G39: =G109 -> 12 | H39: =H109 -> 17 | I39: =I109 -> 61 | ... M39: =M109 -> 443 | N39: =SUM(B39:M39) -> 4492 | O39: =IF(N39=0,0,AVERAGE(B39:M39)) -> 374.33333
A40: Cirurgião Dentista Esp. Endodontia | B40: =B111 -> 140 | C40: =C111 -> 235 | D40: =D111 -> 193 | E40: =E111 -> 5 | F40: =F111 -> 8 | G40: =G111 -> 6 | H40: =H111 -> 19 | I40: =I111 -> 20 | ... M40: =M111 -> 56 | N40: =SUM(B40:M40) -> 851 | O40: =IF(N40=0,0,AVERAGE(B40:M40)) -> 70.916667
A41: Cirurgião Dentista Esp. Periodontia | B41: 558 | C41: 358 | D41: =D110 -> 310 | E41: =E110 -> 12 | F41: =F110 -> 27 | G41: =G110 -> 19 | H41: =H110 -> 9 | I41: =I110 -> 17 | J41: =J110 -> 213 | K41: =K110 -> 298 | ... M41: =M110 -> 224 | N41: =SUM(B41:M41) -> 2315 | O41: =IF(N41=0,0,AVERAGE(B41:M41)) -> 192.91667
A42: Cirurgião Dentista Esp. Buco Maxilo Facial | B42: =B112 -> 248 | C42: =C112 -> 308 | D42: =D112 -> 424 | E42: =E112 -> 1 | F42: =F112 -> 9 | G42: =G112 -> 16 | H42: =H112 -> 60 | I42: =I112 -> 26 | ... K42: =K112 -> 165 | L42: 84 | M42: 82 | N42: =SUM(B42:M42) -> 1493 | O42: =IF(N42=0,0,AVERAGE(B42:M42)) -> 124.41667
A43: Cirurgião Dentista Esp. Estomatologia | B43: =B113 -> 18 | C43: =C113 -> 9 | D43: =D113 -> 41 | H43: =H113 -> 5 | I43: =I113 -> 4 | J43: =J113 -> 12 | K43: =K113 -> 13 | L43: =L113 -> 12 | N43: =SUM(B43:M43) -> 114 | O43: =IF(N43=0,0,AVERAGE(B43:M43)) -> 14.25
A44: Fisioterapia | B44: 3110 | C44: 1925 | D44: 1680 | E44: 64 | F44: 24 | G44: 98 | H44: 645 | I44: 850 | J44: 1457 | K44: 1372 | L44: 1153 | M44: 1184 | N44: =SUM(B44:M44) -> 13562 | O44: =IF(N44=0,0,AVERAGE(B44:M44)) -> 1130.1667
A45: Terapia Ocupacional | B45: 3363 | C45: 2163 | D45: 1153 | E45: 54 | F45: 22 | G45: 71 | H45: 414 | I45: 960 | J45: 1787 | K45: 1465 | L45: 1066 | M45: 1566 | N45: =SUM(B45:M45) -> 14084 | O45: =IF(N45=0,0,AVERAGE(B45:M45)) -> 1173.6667
A46: Fonoaudiologia | B46: 2332 | C46: 1811 | D46: 869 | E46: 32 | F46: 7 | G46: 67 | H46: 166 | I46: 793 | J46: =1217+55 -> 1272 | K46: 1020 | L46: =699+36 -> 735 | M46: 885 | N46: =SUM(B46:M46) -> 9989 | O46: =IF(N46=0,0,AVERAGE(B46:M46)) -> 832.41667
A47: Enfermagem | B47: 94 | C47: 160 | D47: 254 | E47: 18 | F47: 43 | G47: 95 | H47: 210 | I47: 200 | J47: 191 | K47: 279 | L47: 176 | M47: 196 | N47: =SUM(B47:M47) -> 1916 | O47: =IF(N47=0,0,AVERAGE(B47:M47)) -> 159.66667
A48: Nutrição | B48: 220 | C48: 157 | D48: 132 | E48: 19 | F48: 30 | G48: 70 | H48: 115 | I48: 258 | J48: 188 | K48: 255 | L48: 194 | M48: 159 | N48: =SUM(B48:M48) -> 1797 | O48: =IF(N48=0,0,AVERAGE(B48:M48)) -> 149.75
A49: Pedagogia/Psicopedagogia | B49: 312 | C49: 202 | D49: 125 | E49: 5 | G49: 19 | H49: 92 | I49: 178 | J49: 261 | K49: 248 | L49: 160 | M49: 195 | N49: =SUM(B49:M49) -> 1797 | O49: =IF(N49=0,0,AVERAGE(B49:M49)) -> 163.36364
A50: Psicologia | B50: 942 | C50: 665 | D50: 450 | E50: 49 | F50: 43 | G50: 97 | H50: 421 | I50: 796 | J50: 1516 | K50: 1280 | L50: 962 | M50: 1147 | N50: =SUM(B50:M50) -> 8368 | O50: =IF(N50=0,0,AVERAGE(B50:M50)) -> 697.33333
A51: Educação Física | B51: 489 | C51: 512 | D51: 306 | E51: 3 | G51: 9 | H51: 70 | I51: 108 | J51: 223 | K51: 219 | L51: 189 | M51: 217 | N51: =SUM(B51:M51) -> 2345 | O51: =IF(N51=0,0,AVERAGE(B51:M51)) -> 213.18182
A52: Pediatria | B52: 117 | C52: 101 | D52: 69 | E52: 11 | F52: 24 | G52: 56 | H52: 74 | I52: 121 | J52: 108 | K52: 143 | L52: 155 | M52: 100 | N52: =SUM(B52:M52) -> 1079 | O52: =IF(N52=0,0,AVERAGE(B52:M52)) -> 89.916667
A53: Reumatologia | B53: 64 | C53: 71 | D53: 65 | E53: 36 | F53: 14 | G53: 41 | H53: 84 | I53: 74 | J53: 88 | K53: 87 | L53: 119 | M53: 68 | N53: =SUM(B53:M53) -> 811 | O53: =IF(N53=0,0,AVERAGE(B53:M53)) -> 67.583333
A54: Endocrinologia | B54: 73 | C54: 82 | D54: 51 | E54: 19 | F54: 29 | G54: 37 | H54: 61 | I54: 48 | J54: 57 | K54: 52 | L54: 71 | N54: =SUM(B54:M54) -> 580 | O54: =IF(N54=0,0,AVERAGE(B54:M54)) -> 52.727273
A55: Ortopedia Pediátrica | B55: 262 | C55: 240 | D55: 310 | E55: 128 | F55: 79 | G55: 174 | H55: 228 | I55: 169 | J55: 431 | K55: 516 | L55: 426 | M55: 219 | N55: =SUM(B55:M55) -> 3182 | O55: =IF(N55=0,0,AVERAGE(B55:M55)) -> 265.16667
A56: Musicoterapeuta | B56: 258 | C56: 175 | D56: 122 | E56: 2 | G56: 13 | H56: 41 | I56: 138 | J56: 263 | K56: 153 | L56: 91 | M56: 102 | N56: =SUM(B56:M56) -> 1358 | O56: =IF(N56=0,0,AVERAGE(B56:M56)) -> 123.45455
A57: Prótese Buco-Maxilo-Facial | B57: 4 | C57: 5 | D57: 1 | E57: 2 | G57: 7 | H57: 34 | I57: 28 | J57: 15 | K57: 22 | L57: 13 | M57: 22 | N57: =SUM(B57:M57) -> 153 | O57: =IF(N57=0,0,AVERAGE(B57:M57)) -> 13.909091
A58: Alergologia Pediátrica | M58: 11 | N58: =SUM(B58:M58) -> 11 | O58: =IF(N58=0,0,AVERAGE(B58:M58)) -> 11
A59: Cardiologia Pediátrica | M59: 21 | N59: =SUM(B59:M59) -> 21 | O59: =IF(N59=0,0,AVERAGE(B59:M59)) -> 21
A60: Dermatologia Pediátrica | M60: 9 | N60: =SUM(B60:M60) -> 9 | O60: =IF(N60=0,0,AVERAGE(B60:M60)) -> 9
A61: Endocrinologia Pediátrica | M61: 5 | N61: =SUM(B61:M61) -> 5 | O61: =IF(N61=0,0,AVERAGE(B61:M61)) -> 5
A62: Gastroenterologia Pediátrica | M62: 6 | N62: =SUM(B62:M62) -> 6 | O62: =IF(N62=0,0,AVERAGE(B62:M62)) -> 6
A63: Hematologia Pediátrica | N63: =SUM(B63:M63) -> 0 | O63: =IF(N63=0,0,AVERAGE(B63:M63)) -> 0
A64: Nefrologia Pediátrica | M64: 5 | N64: =SUM(B64:M64) -> 5 | O64: =IF(N64=0,0,AVERAGE(B64:M64)) -> 5
A65: Reumatologia Pediátrica | M65: 1 | N65: =SUM(B65:M65) -> 1 | O65: =IF(N65=0,0,AVERAGE(B65:M65)) -> 1
A66: Urologista Pediátrica | M66: 1 | N66: =SUM(B66:M66) -> 1 | O66: =IF(N66=0,0,AVERAGE(B66:M66)) -> 1
A67: Total | B67: =IF(SUM(B25:B57)=0,"",SUM(B25:B57)) -> 16594 | C67: =IF(SUM(C25:C57)=0,"",SUM(C25:C57)) -> 12743 | D67: =IF(SUM(D25:D57)=0,"",SUM(D25:D57)) -> 9817 | E67: =IF(SUM(E25:E57)=0,"",SUM(E25:E57)) -> 1662 | F67: =IF(SUM(F25:F57)=0,"",SUM(F25:F57)) -> 1459 | G67: =IF(SUM(G25:G57)=0,"",SUM(G25:G57)) -> 2546 | H67: =IF(SUM(H25:H57)=0,"",SUM(H25:H57)) -> 5020 | I67: =IF(SUM(I25:I57)=0,"",SUM(I25:I57)) -> 7587 | ... L67: =IF(SUM(L25:L57)=0,"",SUM(L25:L57)) -> 9519 | M67: =IF(SUM(M25:M66)=0,"",SUM(M25:M66)) -> 8844 | N67: =SUM(B67:M67) -> 98997 | O67: =IF(N67=0,0,AVERAGE(B67:M67)) -> 8249.75
A69: 1.4. Nº de Avaliação Global
A70: Auditiva | B70: 15 | C70: 14 | D70: 11 | E70: 4 | F70: 4 | G70: 7 | H70: 15 | I70: 9 | J70: 14 | K70: 9 | L70: 7 | M70: 10 | N70: =SUM(B70:M70) -> 119 | O70: =IF(N70=0,0,AVERAGE(B70:M70)) -> 9.9166667
A71: Física | B71: 1 | C71: 2 | D71: 1 | J71: 1 | L71: 3 | M71: 13 | N71: =SUM(B71:M71) -> 21 | O71: =IF(N71=0,0,AVERAGE(B71:M71)) -> 3.5
A72: Intelectual | C72: 2 | M72: 11 | N72: =SUM(B72:M72) -> 13 | O72: =IF(N72=0,0,AVERAGE(B72:M72)) -> 6.5
A73: Visual | B73: 3 | C73: 8 | D73: 8 | E73: 2 | F73: 1 | G73: 1 | H73: 2 | I73: 2 | J73: 5 | K73: 5 | L73: 6 | M73: 1 | N73: =SUM(B73:M73) -> 44 | O73: =IF(N73=0,0,AVERAGE(B73:M73)) -> 3.6666667
A74: Total | B74: =IF(SUM(B70:B73)=0,"",SUM(B70:B73)) -> 19 | C74: =IF(SUM(C70:C73)=0,"",SUM(C70:C73)) -> 26 | D74: =IF(SUM(D70:D73)=0,"",SUM(D70:D73)) -> 20 | E74: =IF(SUM(E70:E73)=0,"",SUM(E70:E73)) -> 6 | F74: =IF(SUM(F70:F73)=0,"",SUM(F70:F73)) -> 5 | G74: =IF(SUM(G70:G73)=0,"",SUM(G70:G73)) -> 8 | H74: =IF(SUM(H70:H73)=0,"",SUM(H70:H73)) -> 17 | I74: =IF(SUM(I70:I73)=0,"",SUM(I70:I73)) -> 11 | ... M74: =IF(SUM(M70:M73)=0,"",SUM(M70:M73)) -> 35 | N74: =SUM(N70:N73) -> 197 | O74: =SUM(O70:O73) -> 23.583333
A76: 1.5. N° de Usuários em Reabilitação
A77: Auditiva | B77: 102 | C77: 113 | D77: 120 | E77: 125 | F77: 130 | G77: 133 | H77: 137 | I77: 145 | J77: =(I77+J85)-J93 -> 172 | K77: =J77+K85-K93 -> 179 | L77: =K77+L85-L93 -> 188 | M77: =L77+M85-M93 -> 192 | N77: =INDEX(B77:M77,COUNT(B77:M77)) -> 192 | O77: =IF(N77=0,0,AVERAGE(B77:M77)) -> 144.66667
A78: Física | B78: 253 | C78: 255 | D78: 256 | E78: 256 | F78: 256 | G78: 256 | H78: 256 | I78: 256 | J78: =(I78+J86)-J94 -> 255 | K78: =J78+K86-K94 -> 252 | L78: =K78+L86-L94 -> 251 | M78: =L78+M86-M94 -> 255 | N78: =INDEX(B78:M78,COUNT(B78:M78)) -> 255 | O78: =IF(N78=0,0,AVERAGE(B78:M78)) -> 254.75
A79: Intelectual | B79: 273 | C79: 273 | D79: 273 | E79: 273 | F79: 273 | G79: 273 | H79: 273 | I79: 273 | J79: =(I79+J87)-J95 -> 273 | K79: =J79+K87-K95 -> 270 | L79: =K79+L87-L95 -> 270 | M79: =L79+M87-M95 -> 271 | N79: =INDEX(B79:M79,COUNT(B79:M79)) -> 271 | O79: =IF(N79=0,0,AVERAGE(B79:M79)) -> 272.33333
A80: Visual | B80: 81 | C80: 85 | D80: 92 | E80: 93 | F80: 93 | G80: 93 | H80: 96 | I80: 99 | J80: =(I80+J88)-J96 -> 101 | K80: =J80+K88-K96 -> 105 | L80: =K80+L88-L96 -> 110 | M80: =L80+M88-M96 -> 110 | N80: =INDEX(B80:M80,COUNT(B80:M80)) -> 110 | O80: =IF(N80=0,0,AVERAGE(B80:M80)) -> 96.5
A81: Estimulação Precoce | M81: 32 | N81: =SUM(B81:M81) -> 32 | O81: =IF(N81=0,0,AVERAGE(B81:M81)) -> 32
A82: Total | B82: =IF(SUM(B77:B80)=0,"",SUM(B77:B80)) -> 709 | C82: =IF(SUM(C77:C80)=0,"",SUM(C77:C80)) -> 726 | D82: =IF(SUM(D77:D80)=0,"",SUM(D77:D80)) -> 741 | E82: =IF(SUM(E77:E80)=0,"",SUM(E77:E80)) -> 747 | F82: =IF(SUM(F77:F80)=0,"",SUM(F77:F80)) -> 752 | G82: =IF(SUM(G77:G80)=0,"",SUM(G77:G80)) -> 755 | H82: =IF(SUM(H77:H80)=0,"",SUM(H77:H80)) -> 762 | I82: =IF(SUM(I77:I80)=0,"",SUM(I77:I80)) -> 773 | ... L82: =IF(SUM(L77:L80)=0,"",SUM(L77:L80)) -> 819 | M82: =IF(SUM(M77:M81)=0,"",SUM(M77:M81)) -> 860 | N82: =INDEX(B82:M82,COUNT(B82:M82)) -> 860 | O82: =SUM(O77:O80) -> 768.25
A84: 1.6. N° de Novos Usuários em Reabilitação
A85: Auditiva | B85: 32 | C85: 11 | D85: 7 | E85: 5 | F85: 5 | G85: 3 | H85: 4 | I85: 8 | J85: 27 | K85: 7 | L85: 9 | M85: 4 | N85: =SUM(B85:M85) -> 122 | O85: =IF(N85=0,0,AVERAGE(B85:M85)) -> 10.166667
A86: Física | B86: 19 | C86: 2 | D86: 1 | M86: 4 | N86: =SUM(B86:M86) -> 26 | O86: =IF(N86=0,0,AVERAGE(B86:M86)) -> 6.5
A87: Intelectual | B87: 38 | C87: 1 | D87: 1 | M87: 2 | N87: =SUM(B87:M87) -> 42 | O87: =IF(N87=0,0,AVERAGE(B87:M87)) -> 10.5
A88: Visual | B88: 3 | C88: 4 | D88: 7 | E88: 1 | H88: 3 | I88: 3 | J88: 2 | K88: 4 | L88: 6 | N88: =SUM(B88:M88) -> 33 | O88: =IF(N88=0,0,AVERAGE(B88:M88)) -> 3.6666667
A89: Estimulação Precoce | M89: 32 | N89: =SUM(B89:M89) -> 32 | O89: =IF(N89=0,0,AVERAGE(B89:M89)) -> 32
A90: Total | B90: =IF(SUM(B85:B88)=0,"",SUM(B85:B88)) -> 92 | C90: =IF(SUM(C85:C88)=0,"",SUM(C85:C88)) -> 18 | D90: =IF(SUM(D85:D88)=0,"",SUM(D85:D88)) -> 16 | E90: =IF(SUM(E85:E88)=0,"",SUM(E85:E88)) -> 6 | F90: =IF(SUM(F85:F88)=0,"",SUM(F85:F88)) -> 5 | G90: =IF(SUM(G85:G88)=0,"",SUM(G85:G88)) -> 3 | H90: =IF(SUM(H85:H88)=0,"",SUM(H85:H88)) -> 7 | I90: =IF(SUM(I85:I88)=0,"",SUM(I85:I88)) -> 11 | ... L90: =IF(SUM(L85:L88)=0,"",SUM(L85:L88)) -> 15 | M90: =IF(SUM(M85:M89)=0,"",SUM(M85:M89)) -> 42 | N90: =SUM(N85:N88) -> 223 | O90: =SUM(O85:O88) -> 30.833333
A92: 1.7. Nº de Usuários com Alta na Reabilitação
A93: Auditiva | N93: =SUM(B93:M93) -> 0 | O93: =IF(N93=0,0,AVERAGE(B93:M93)) -> 0
A94: Física | J94: 1 | K94: 3 | L94: 1 | N94: =SUM(B94:M94) -> 5 | O94: =IF(N94=0,0,AVERAGE(B94:M94)) -> 1.6666667
A95: Intelectual | C95: 1 | D95: 1 | K95: 3 | M95: 1 | N95: =SUM(B95:M95) -> 6 | O95: =IF(N95=0,0,AVERAGE(B95:M95)) -> 1.5
A96: Visual | I96: 1 | L96: 1 | N96: =SUM(B96:M96) -> 2 | O96: =IF(N96=0,0,AVERAGE(B96:M96)) -> 1
A97: Estimulação Precoce | N97: =SUM(B97:M97) -> 0 | O97: =IF(N97=0,0,AVERAGE(B97:M97)) -> 0
A98: Total | B98: =IF(SUM(B93:B96)=0,"",SUM(B93:B96)) | C98: =IF(SUM(C93:C96)=0,"",SUM(C93:C96)) -> 1 | D98: =IF(SUM(D93:D96)=0,"",SUM(D93:D96)) -> 1 | E98: =IF(SUM(E93:E96)=0,"",SUM(E93:E96)) | F98: =IF(SUM(F93:F96)=0,"",SUM(F93:F96)) | G98: =IF(SUM(G93:G96)=0,"",SUM(G93:G96)) | H98: =IF(SUM(H93:H96)=0,"",SUM(H93:H96)) | I98: =IF(SUM(I93:I96)=0,"",SUM(I93:I96)) -> 1 | ... M98: =IF(SUM(M93:M96)=0,"",SUM(M93:M96)) -> 1 | N98: =SUM(N93:N96) -> 13 | O98: =SUM(O93:O96) -> 4.1666667
A100: 1.8. Nº de Usuários em Atendimento Odontológico
A101: Atendimentos Básicos | B101: 115 | C101: 98 | D101: 84 | E101: 6 | F101: 2 | G101: 6 | H101: 16 | I101: 32 | J101: 38 | K101: 29 | L101: 41 | M101: 42 | N101: =SUM(B101:M101) -> 509 | O101: =IF(N101=0,0,AVERAGE(B101:M101)) -> 42.416667
A102: Procedimentos de Periodontia | B102: 103 | C102: 97 | D102: 77 | E102: 2 | F102: 4 | G102: 9 | H102: 8 | I102: 10 | J102: 34 | K102: 28 | L102: 47 | M102: 37 | N102: =SUM(B102:M102) -> 456 | O102: =IF(N102=0,0,AVERAGE(B102:M102)) -> 38
A103: Procedimentos de Endodontia | B103: 95 | C103: 94 | D103: 84 | E103: 5 | F103: 7 | G103: 1 | H103: 19 | I103: 1 | J103: 34 | K103: 33 | L103: 55 | M103: 35 | N103: =SUM(B103:M103) -> 463 | O103: =IF(N103=0,0,AVERAGE(B103:M103)) -> 38.583333
A104: Procedimentos de Cirurgia Oral | B104: 34 | C104: 24 | D104: 14 | E104: 1 | F104: 1 | G104: 3 | H104: 4 | I104: 1 | J104: 11 | K104: 12 | L104: 2 | M104: 8 | N104: =SUM(B104:M104) -> 115 | O104: =IF(N104=0,0,AVERAGE(B104:M104)) -> 9.5833333
A105: Procedimentos de Estomatologia | N105: =SUM(B105:M105) -> 0 | O105: =IF(N105=0,0,AVERAGE(B105:M105)) -> 0
A106: Total | B106: =SUM(B101:B104) -> 347 | C106: =IF(SUM(C101:C104)=0,"",SUM(C101:C104)) -> 313 | D106: =IF(SUM(D101:D104)=0,"",SUM(D101:D104)) -> 259 | E106: =IF(SUM(E101:E105)=0,"",SUM(E101:E104)) -> 14 | F106: =IF(SUM(F101:F104)=0,"",SUM(F101:F104)) -> 14 | G106: =IF(SUM(G101:G104)=0,"",SUM(G101:G104)) -> 19 | H106: =IF(SUM(H101:H104)=0,"",SUM(H101:H104)) -> 47 | I106: =IF(SUM(I101:I104)=0,"",SUM(I101:I104)) -> 44 | J106: =IF(SUM(J101:J104)=0,"",SUM(J101:J104)) -> 117 | K106: =IF(SUM(K101:K105)=0,"",SUM(K101:K105)) -> 102 | L106: =IF(SUM(L101:L105)=0,"",SUM(L101:L105)) -> 145 | M106: =IF(SUM(M101:M104)=0,"",SUM(M101:M104)) -> 122 | N106: =SUM(N101:N104) -> 1543 | O106: =SUM(O101:O104) -> 128.58333
A108: 1.9 Nº de Procedimentos Odontologia (CEO II)
A109: Procedimentos Básicos | B109: 1095 | C109: 616 | D109: 581 | E109: 7 | F109: 7 | G109: 12 | H109: 17 | I109: 61 | J109: 354 | K109: 815 | L109: 484 | M109: 443 | N109: =SUM(B109:M109) -> 4492 | O109: =IF(N109=0,0,AVERAGE(B109:M109)) -> 374.33333
...

Sheet Planilha2
A1: 1.16. Absenteísmo por Município
A2: Acara | B2: 1 | C2: 1 | D2: 1 | E2: 1 | N2: =SUM(B2:M2) -> 4 | O2: =IF(N2=0,0,AVERAGE(B2:M2)) -> 1
A3: Ananindeua | B3: 287 | C3: 301 | D3: 650 | E3: 9 | N3: =SUM(B3:M3) -> 1247 | O3: =IF(N3=0,0,AVERAGE(B3:M3)) -> 311.75
A4: Anajas | B4: 2 | C4: 8 | D4: 5 | E4: 3 | N4: =SUM(B4:M4) -> 18 | O4: =IF(N4=0,0,AVERAGE(B4:M4)) -> 4.5
A5: Bagre | B5: 2 | C5: 2 | D5: 7 | E5: 2 | N5: =SUM(B5:M5) -> 13 | O5: =IF(N5=0,0,AVERAGE(B5:M5)) -> 3.25
A6: Belém | B6: 585 | C6: 800 | D6: 465 | E6: 294 | N6: =SUM(B6:M6) -> 2144 | O6: =IF(N6=0,0,AVERAGE(B6:M6)) -> 536
A7: Benevides | B7: 40 | C7: 35 | D7: 45 | E7: 10 | N7: =SUM(B7:M7) -> 130 | O7: =IF(N7=0,0,AVERAGE(B7:M7)) -> 32.5
A8: Barcarena | B8: 6 | C8: 10 | D8: 15 | E8: 28 | N8: =SUM(B8:M8) -> 59 | O8: =IF(N8=0,0,AVERAGE(B8:M8)) -> 14.75
A9: Bujaru | B9: 1 | C9: 1 | D9: 13 | N9: =SUM(B9:M9) -> 15 | O9: =IF(N9=0,0,AVERAGE(B9:M9)) -> 5
A10: Bom Jesus do Tocantis | B10: 1 | C10: 1 | D10: 3 | E10: 2 | N10: =SUM(B10:M10) -> 7 | O10: =IF(N10=0,0,AVERAGE(B10:M10)) -> 1.75
A11: Cametá | B11: 9 | C11: 25 | D11: 12 | E11: 5 | N11: =SUM(B11:M11) -> 51 | O11: =IF(N11=0,0,AVERAGE(B11:M11)) -> 12.75
A12: Capanema | B12: 4 | C12: 3 | D12: 2 | E12: 2 | N12: =SUM(B12:M12) -> 11 | O12: =IF(N12=0,0,AVERAGE(B12:M12)) -> 2.75
A13: Castanhal | B13: 8 | C13: 6 | D13: 14 | E13: 9 | N13: =SUM(B13:M13) -> 37 | O13: =IF(N13=0,0,AVERAGE(B13:M13)) -> 9.25
A14: Colares | B14: 25 | C14: 14 | D14: 30 | E14: 40 | N14: =SUM(B14:M14) -> 109 | O14: =IF(N14=0,0,AVERAGE(B14:M14)) -> 27.25
A15: Curralinho | B15: 2 | C15: 3 | D15: 2 | E15: 2 | N15: =SUM(B15:M15) -> 9 | O15: =IF(N15=0,0,AVERAGE(B15:M15)) -> 2.25
A16: Igarapé Açu | B16: 2 | C16: 5 | D16: 7 | E16: 8 | N16: =SUM(B16:M16) -> 22 | O16: =IF(N16=0,0,AVERAGE(B16:M16)) -> 5.5
A17: Igarapé Mirim | B17: 2 | C17: 5 | D17: 13 | E17: 8 | N17: =SUM(B17:M17) -> 28 | O17: =IF(N17=0,0,AVERAGE(B17:M17)) -> 7
A18: Inhangapi | B18: 4 | C18: 2 | D18: 6 | E18: 5 | N18: =SUM(B18:M18) -> 17 | O18: =IF(N18=0,0,AVERAGE(B18:M18)) -> 4.25
A19: Irituia | B19: 3 | C19: 3 | D19: 5 | E19: 4 | N19: =SUM(B19:M19) -> 15 | O19: =IF(N19=0,0,AVERAGE(B19:M19)) -> 3.75
A20: Limoeiro do Ajuru | B20: 2 | C20: 2 | D20: 7 | E20: 9 | N20: =SUM(B20:M20) -> 20 | O20: =IF(N20=0,0,AVERAGE(B20:M20)) -> 5
A21: Medicilândia | B21: 2 | C21: 1 | D21: 1 | N21: =SUM(B21:M21) -> 4 | O21: =IF(N21=0,0,AVERAGE(B21:M21)) -> 1.3333333
A22: Marituba | B22: 5 | C22: 5 | D22: 8 | E22: 2 | N22: =SUM(B22:M22) -> 20 | O22: =IF(N22=0,0,AVERAGE(B22:M22)) -> 5
A23: Maracanã | B23: 6 | C23: 5 | D23: 3 | E23: 4 | N23: =SUM(B23:M23) -> 18 | O23: =IF(N23=0,0,AVERAGE(B23:M23)) -> 4.5
A24: Mãe do Rio | B24: 2 | C24: 5 | D24: 3 | E24: 3 | N24: =SUM(B24:M24) -> 13 | O24: =IF(N24=0,0,AVERAGE(B24:M24)) -> 3.25
A25: Muaná | B25: 1 | C25: 2 | D25: 4 | N25: =SUM(B25:M25) -> 7 | O25: =IF(N25=0,0,AVERAGE(B25:M25)) -> 2.3333333
A26: Nova Esperança Piria | B26: 1 | C26: 2 | D26: 5 | E26: 4 | N26: =SUM(B26:M26) -> 12 | O26: =IF(N26=0,0,AVERAGE(B26:M26)) -> 3
A27: Novo Repartimento | B27: 5 | C27: 2 | D27: 2 | E27: 1 | N27: =SUM(B27:M27) -> 10 | O27: =IF(N27=0,0,AVERAGE(B27:M27)) -> 2.5
A28: Nova Timboteua | B28: 1 | C28: 2 | D28: 5 | E28: 1 | N28: =SUM(B28:M28) -> 9 | O28: =IF(N28=0,0,AVERAGE(B28:M28)) -> 2.25
A29: Ponta de Pedras | B29: 3 | C29: 2 | D29: 6 | E29: 6 | N29: =SUM(B29:M29) -> 17 | O29: =IF(N29=0,0,AVERAGE(B29:M29)) -> 4.25
A30: Paraupebas | B30: 1 | C30: 3 | D30: 5 | E30: 8 | N30: =SUM(B30:M30) -> 17 | O30: =IF(N30=0,0,AVERAGE(B30:M30)) -> 4.25
A31: Peixe Boi | B31: 2 | C31: 1 | D31: 3 | E31: 1 | N31: =SUM(B31:M31) -> 7 | O31: =IF(N31=0,0,AVERAGE(B31:M31)) -> 1.75
A32: Quatipuru | B32: 1 | C32: 1 | D32: 4 | E32: 1 | N32: =SUM(B32:M32) -> 7 | O32: =IF(N32=0,0,AVERAGE(B32:M32)) -> 1.75
A33: Redenção | B33: 1 | C33: 2 | D33: 4 | N33: =SUM(B33:M33) -> 7 | O33: =IF(N33=0,0,AVERAGE(B33:M33)) -> 2.3333333
A34: Santa Luzia do Para | B34: 4 | C34: 10 | D34: 3 | E34: 6 | N34: =SUM(B34:M34) -> 23 | O34: =IF(N34=0,0,AVERAGE(B34:M34)) -> 5.75
A35: Santa Maria do Para | B35: 5 | C35: 10 | D35: 17 | E35: 9 | N35: =SUM(B35:M35) -> 41 | O35: =IF(N35=0,0,AVERAGE(B35:M35)) -> 10.25
A36: São Miguel do Guamá | B36: 5 | C36: 6 | D36: 10 | E36: 13 | N36: =SUM(B36:M36) -> 34 | O36: =IF(N36=0,0,AVERAGE(B36:M36)) -> 8.5
A37: São Sebastião da Boa Vista | B37: 15 | C37: 20 | D37: 16 | E37: 18 | N37: =SUM(B37:M37) -> 69 | O37: =IF(N37=0,0,AVERAGE(B37:M37)) -> 17.25
A38: Santa Cruz do Arari | B38: 1 | C38: 2 | D38: 2 | N38: =SUM(B38:M38) -> 5 | O38: =IF(N38=0,0,AVERAGE(B38:M38)) -> 1.6666667
A39: Santa Izabel | B39: 2 | C39: 7 | D39: 3 | E39: 10 | N39: =SUM(B39:M39) -> 22 | O39: =IF(N39=0,0,AVERAGE(B39:M39)) -> 5.5
A40: Santo Antônio do taua | B40: 2 | C40: 6 | D40: 9 | E40: 6 | N40: =SUM(B40:M40) -> 23 | O40: =IF(N40=0,0,AVERAGE(B40:M40)) -> 5.75
A41: Tailândia | B41: 1 | C41: 1 | D41: 1 | E41: 1 | N41: =SUM(B41:M41) -> 4 | O41: =IF(N41=0,0,AVERAGE(B41:M41)) -> 1
A42: Tome- Açu | B42: 4 | C42: 5 | D42: 3 | E42: 3 | N42: =SUM(B42:M42) -> 15 | O42: =IF(N42=0,0,AVERAGE(B42:M42)) -> 3.75
A43: Ulianópolis | B43: 2 | C43: 6 | D43: 11 | E43: 27 | N43: =SUM(B43:M43) -> 46 | O43: =IF(N43=0,0,AVERAGE(B43:M43)) -> 11.5
A44: Vigia | B44: 1 | C44: 1 | D44: 2 | E44: 7 | N44: =SUM(B44:M44) -> 11 | O44: =IF(N44=0,0,AVERAGE(B44:M44)) -> 2.75
A45: Viseu | B45: 2 | C45: 2 | D45: 2 | E45: 10 | N45: =SUM(B45:M45) -> 16 | O45: =IF(N45=0,0,AVERAGE(B45:M45)) -> 4
A46: Outros | B46: 395 | C46: 450 | D46: 819 | E46: 367 | N46: =SUM(B46:M46) -> 2031 | O46: =IF(N46=0,0,AVERAGE(B46:M46)) -> 507.75
A47: Total | B47: =IF(SUM(B2:B46)=0,0,SUM(B2:B46)) -> 1456 | C47: =SUM(C2:C46) -> 1786 | D47: =SUM(D2:D46) -> 2253 | E47: =SUM(E2:E46) -> 949 | N47: =SUM(N2:N46) -> 6444 | O47: =IF(N47=0,0,AVERAGE(B47:M47)) -> 1611
A50: 2.1. Laboratório de Análises Clínicas
A51: Bioquímica | N51: =SUM(B51:M51) -> 0 | O51: =IF(N51=0,0,AVERAGE(B51:M51)) -> 0
A52: Hematologia | N52: =SUM(B52:M52) -> 0 | O52: =IF(N52=0,0,AVERAGE(B52:M52)) -> 0
A53: Microbiologia | N53: =SUM(B53:M53) -> 0 | O53: =IF(N53=0,0,AVERAGE(B53:M53)) -> 0
A54: Total | B54: =SUM(B51:B53) -> 0 | C54: =SUM(C51:C53) -> 0 | D54: =SUM(D51:D53) -> 0 | E54: =SUM(E51:E53) -> 0 | F54: =SUM(F51:F53) -> 0 | G54: =SUM(G51:G53) -> 0 | H54: =SUM(H51:H53) -> 0 | I54: =SUM(I51:I53) -> 0 | ... O54: =SUM(O51:O53) -> 0
A55: Média Diária | B55: =IF(B54=0,"",B54/B269) | C55: =IF(C54=0,"",C54/C269) | D55: =IF(D54=0,"",D54/D269) | E55: =IF(E54=0,"",E54/E269) | F55: =IF(F54=0,"",F54/F269) | G55: =IF(G54=0,"",G54/G269) | H55: =IF(H54=0,"",H54/H269) | I55: =IF(I54=0,"",I54/I269) | ... M55: =IF(M54=0,"",M54/M269) | N55: =SUM(B55:M55) -> 0 | O55: =IF(N55=0,0,AVERAGE(B55:M55)) -> 0

Sheet Planilha1
A2: Centro de Custos | B2: Grupo
A3: Ambulatório Anestesiologia | B3: Ambulatório
A4: Ambulatório Clínica Médica | B4: Ambulatório
A5: Ambulatório Cardiologia | B5: Ambulatório
A6: Ambulatório Fisiatria | B6: Ambulatório
A7: Ambulatório Genética Médica | B7: Ambulatório
A8: Ambulatório Neurologia Adulto | B8: Ambulatório
A9: Ambulatório Neurologia Infantil | B9: Ambulatório
A10: Ambulatório Oftalmologia | B10: Ambulatório
A11: Ambulatório Ortopedia | B11: Ambulatório
A12: Ambulatório Otorrinolaringologia | B12: Ambulatório
A13: Ambulatório Urologia | B13: Ambulatório
... A121: Atividades Manuais | B121: Arte e Cultura

Sheet Mapa de produção sintético-2020
B1: PLANO ESTATÍSTICO 2020
A2: CENTRO INTEGRADO DE INCLUSÃO E REABILITAÇÃO - CIIR
A3: Principais dados estatísticos de 2020
A5: Itens de Avaliação | B5: 43831 | C5: 43862 | D5: 43891 | E5: 43922 | F5: 43952 | G5: 43983 | H5: 44013 | I5: 44044 | J5: 44075 | K5: 44105 | L5: 44136 | M5: 44166 | N5: Acumulado | O5: Média
A6: Nº de Consultórios e Salas | B6: ='Plano Estatístico Analitic 2020'!B13 -> 58 | C6: ='Plano Estatístico Analitic 2020'!C13 -> 58 | D6: ='Plano Estatístico Analitic 2020'!D13 -> 58 | E6: ='Plano Estatístico Analitic 2020'!E13 -> 58 | F6: ='Plano Estatístico Analitic 2020'!F13 -> 58 | G6: ='Plano Estatístico Analitic 2020'!G13 -> 58 | H6: ='Plano Estatístico Analitic 2020'!H13 -> 58 | I6: ='Plano Estatístico Analitic 2020'!I13 -> 58 | ... O6: ='Plano Estatístico Analitic 2020'!O13 -> 58
A7: Nº de Atendimentos Ambulatoriais | B7: ='Plano Estatístico Analitic 2020'!B22 -> 16594 | C7: ='Plano Estatístico Analitic 2020'!C22 -> 12743 | D7: ='Plano Estatístico Analitic 2020'!D22 -> 9817 | E7: ='Plano Estatístico Analitic 2020'!E22 -> 1662 | F7: ='Plano Estatístico Analitic 2020'!F22 -> 1459 | G7: ='Plano Estatístico Analitic 2020'!G22 -> 2546 | H7: ='Plano Estatístico Analitic 2020'!H22 -> 5020 | I7: ='Plano Estatístico Analitic 2020'!I22 -> 7587 | ... O7: ='Plano Estatístico Analitic 2020'!O22 -> 8250.9091
A8: Nº de Avaliação Global | B8: ='Plano Estatístico Analitic 2020'!B74 -> 19 | C8: ='Plano Estatístico Analitic 2020'!C74 -> 26 | D8: ='Plano Estatístico Analitic 2020'!D74 -> 20 | E8: ='Plano Estatístico Analitic 2020'!E74 -> 6 | F8: ='Plano Estatístico Analitic 2020'!F74 -> 5 | G8: ='Plano Estatístico Analitic 2020'!G74 -> 8 | H8: ='Plano Estatístico Analitic 2020'!H74 -> 17 | I8: ='Plano Estatístico Analitic 2020'!I74 -> 11 | ... O8: ='Plano Estatístico Analitic 2020'!O74 -> 23.583333
A9: N° de Usuários em Reabilitação | B9: ='Plano Estatístico Analitic 2020'!B82 -> 709 | C9: ='Plano Estatístico Analitic 2020'!C82 -> 726 | D9: ='Plano Estatístico Analitic 2020'!D82 -> 741 | E9: ='Plano Estatístico Analitic 2020'!E82 -> 747 | F9: ='Plano Estatístico Analitic 2020'!F82 -> 752 | G9: ='Plano Estatístico Analitic 2020'!G82 -> 755 | H9: ='Plano Estatístico Analitic 2020'!H82 -> 762 | I9: ='Plano Estatístico Analitic 2020'!I82 -> 773 | ... O9: ='Plano Estatístico Analitic 2020'!O82 -> 768.25
A10: N° de Novos Usuários em Reabilitação | B10: ='Plano Estatístico Analitic 2020'!B90 -> 92 | C10: ='Plano Estatístico Analitic 2020'!C90 -> 18 | D10: ='Plano Estatístico Analitic 2020'!D90 -> 16 | E10: ='Plano Estatístico Analitic 2020'!E90 -> 6 | F10: ='Plano Estatístico Analitic 2020'!F90 -> 5 | G10: ='Plano Estatístico Analitic 2020'!G90 -> 3 | H10: ='Plano Estatístico Analitic 2020'!H90 -> 7 | I10: ='Plano Estatístico Analitic 2020'!I90 -> 11 | ... O10: ='Plano Estatístico Analitic 2020'!O90 -> 30.833333
A11: Nº de Usuários com Alta na Reabilitação | B11: ='Plano Estatístico Analitic 2020'!B98 | C11: ='Plano Estatístico Analitic 2020'!C98 -> 1 | D11: ='Plano Estatístico Analitic 2020'!D98 -> 1 | E11: ='Plano Estatístico Analitic 2020'!E98 | F11: ='Plano Estatístico Analitic 2020'!F98 | G11: ='Plano Estatístico Analitic 2020'!G98 | H11: ='Plano Estatístico Analitic 2020'!H98 | I11: ='Plano Estatístico Analitic 2020'!I98 -> 1 | ... O11: ='Plano Estatístico Analitic 2020'!O98 -> 4.1666667
A12: Nº de Usuários em Atendimento Odontológico | B12: ='Plano Estatístico Analitic 2020'!B106 -> 347 | C12: ='Plano Estatístico Analitic 2020'!C106 -> 313 | D12: ='Plano Estatístico Analitic 2020'!D106 -> 259 | E12: ='Plano Estatístico Analitic 2020'!E106 -> 14 | F12: ='Plano Estatístico Analitic 2020'!F106 -> 14 | G12: ='Plano Estatístico Analitic 2020'!G106 -> 19 | H12: ='Plano Estatístico Analitic 2020'!H106 -> 47 | I12: ='Plano Estatístico Analitic 2020'!I106 -> 44 | ... O12: ='Plano Estatístico Analitic 2020'!O106 -> 128.58333
A13: Nº de Procedimentos Odontologia (CEO II) | B13: ='Plano Estatístico Analitic 2020'!B114 -> 2059 | C13: ='Plano Estatístico Analitic 2020'!C114 -> 1526 | D13: ='Plano Estatístico Analitic 2020'!D114 -> 1549 | E13: ='Plano Estatístico Analitic 2020'!E114 -> 25 | F13: ='Plano Estatístico Analitic 2020'!F114 -> 51 | G13: ='Plano Estatístico Analitic 2020'!G114 -> 53 | H13: ='Plano Estatístico Analitic 2020'!H114 -> 110 | I13: ='Plano Estatístico Analitic 2020'!I114 -> 128 | ... O13: ='Plano Estatístico Analitic 2020'!O114 -> 776.83333
A14: Estatística da Oficina | B14: ='Plano Estatístico Analitic 2020'!B120 -> 547 | C14: ='Plano Estatístico Analitic 2020'!C120 -> 453 | D14: ='Plano Estatístico Analitic 2020'!D120 -> 276 | E14: ='Plano Estatístico Analitic 2020'!E120 -> 138 | F14: ='Plano Estatístico Analitic 2020'!F120 -> 192 | G14: ='Plano Estatístico Analitic 2020'!G120 -> 807 | H14: ='Plano Estatístico Analitic 2020'!H120 -> 633 | I14: ='Plano Estatístico Analitic 2020'!I120 -> 426 | ... O14: ='Plano Estatístico Analitic 2020'!O120 -> 452.58333
A15: Nº de Absenteísmo de Usuário | B15: ='Plano Estatístico Analitic 2020'!B189 -> 3302 | C15: ='Plano Estatístico Analitic 2020'!C189 -> 4271 | D15: ='Plano Estatístico Analitic 2020'!D189 -> 5290 | E15: ='Plano Estatístico Analitic 2020'!E189 -> 6441 | F15: ='Plano Estatístico Analitic 2020'!F189 -> 7534 | G15: ='Plano Estatístico Analitic 2020'!G189 -> 6844 | H15: ='Plano Estatístico Analitic 2020'!H189 -> 8538 | I15: ='Plano Estatístico Analitic 2020'!I189 -> 7241 | ... O15: ='Plano Estatístico Analitic 2020'!O189 -> 5907.4167
A16: Nº Atendimentos Time de Resposta Rápida (TRR) | B16: ='Plano Estatístico Analitic 2020'!B193 -> 7 | C16: ='Plano Estatístico Analitic 2020'!C193 -> 11 | D16: ='Plano Estatístico Analitic 2020'!D192 -> 14 | E16: ='Plano Estatístico Analitic 2020'!E193 -> 1 | F16: ='Plano Estatístico Analitic 2020'!F193 -> 4 | G16: ='Plano Estatístico Analitic 2020'!G193 -> 11 | H16: ='Plano Estatístico Analitic 2020'!H193 -> 8 | I16: ='Plano Estatístico Analitic 2020'!I193 -> 17 | J16: ='Plano Estatístico Analitic 2020'!J193 -> 18 | K16: ='Plano Estatístico Analitic 2020'!K193 -> 8 | L16: ='Plano Estatístico Analitic 2020'!L193 -> 16 | ... O16: ='Plano Estatístico Analitic 2020'!O193 -> 10
A17: Nº Procedimentos Enfermagem | B17: ='Plano Estatístico Analitic 2020'!B197 -> 8 | C17: ='Plano Estatístico Analitic 2020'!C197 -> 18 | D17: ='Plano Estatístico Analitic 2020'!D196 -> 9 | E17: ='Plano Estatístico Analitic 2020'!E196 -> 3 | F17: ='Plano Estatístico Analitic 2020'!F196 -> 0 | G17: ='Plano Estatístico Analitic 2020'!G196 -> 16 | H17: ='Plano Estatístico Analitic 2020'!H196 -> 26 | I17: ='Plano Estatístico Analitic 2020'!I196 -> 18 | J17: ='Plano Estatístico Analitic 2020'!J196 -> 36 | K17: ='Plano Estatístico Analitic 2020'!K196 -> 24 | ... M17: ='Plano Estatístico Analitic 2020'!M196 -> 13 | N17: ='Plano Estatístico Analitic 2020'!N197 -> 184 | O17: ='Plano Estatístico Analitic 2020'!O197 -> 16.727273
A18: Total de Exames de Imagens e Métodos Gráficos | B18: ='Plano Estatístico Analitic 2020'!B228 -> 3070 | C18: ='Plano Estatístico Analitic 2020'!C228 -> 3347 | D18: ='Plano Estatístico Analitic 2020'!D228 -> 2214 | E18: ='Plano Estatístico Analitic 2020'!E228 -> 1208 | F18: ='Plano Estatístico Analitic 2020'!F228 -> 910 | G18: ='Plano Estatístico Analitic 2020'!G228 -> 2485 | H18: ='Plano Estatístico Analitic 2020'!H228 -> 2831 | I18: ='Plano Estatístico Analitic 2020'!I228 -> 3263 | ... O18: ='Plano Estatístico Analitic 2020'!O228 -> 2679.3333
A19: Índice de Satisfação do Usuário | B19: ='Plano Estatístico Analitic 2020'!B249 -> 0.91961667 | C19: ='Plano Estatístico Analitic 2020'!C249 -> 0.94028333 | D19: ='Plano Estatístico Analitic 2020'!D249 -> 0.92888333 | E19: ='Plano Estatístico Analitic 2020'!E249 -> 0.97542 | F19: ='Plano Estatístico Analitic 2020'!F249 -> 0.96226 | G19: ='Plano Estatístico Analitic 2020'!G249 -> 0.9627 | H19: ='Plano Estatístico Analitic 2020'!H249 -> 0.96076 | I19: ='Plano Estatístico Analitic 2020'!I249 -> 0.9484 | ... O19: ='Plano Estatístico Analitic 2020'!O249 -> 0.95285111
A20: Número de Atendimentos no Serviço Social | B20: ='Plano Estatístico Analitic 2020'!B256 -> 896 | C20: ='Plano Estatístico Analitic 2020'!C256 -> 675 | D20: ='Plano Estatístico Analitic 2020'!D256 -> 554 | E20: ='Plano Estatístico Analitic 2020'!E256 -> 43 | F20: ='Plano Estatístico Analitic 2020'!F256 -> 67 | G20: ='Plano Estatístico Analitic 2020'!G256 -> 149 | H20: ='Plano Estatístico Analitic 2020'!H256 -> 228 | I20: ='Plano Estatístico Analitic 2020'!I256 -> 257 | ... O20: ='Plano Estatístico Analitic 2020'!O256 -> 351.16667
A21: Treinamento Hora/Homem | B21: ='Plano Estatístico Analitic 2020'!B266 -> 0.13798611 | C21: ='Plano Estatístico Analitic 2020'!C266 -> 0.12732639 | D21: ='Plano Estatístico Analitic 2020'!D266 -> 0.31275463 | E21: ='Plano Estatístico Analitic 2020'!E266 -> 0.092962963 | F21: ='Plano Estatístico Analitic 2020'!F266 -> 0.054479167 | G21: ='Plano Estatístico Analitic 2020'!G266 -> 0.089247685 | H21: ='Plano Estatístico Analitic 2020'!H266 -> 0.18895833 | I21: ='Plano Estatístico Analitic 2020'!I266 -> 0.13693287 | ... N21: ='Plano Estatístico Analitic 2020'!N266 -> 2.0033565 | O21: =N21 -> 2.0033565
A22: CME - Pacotes/Caixas preparados | B22: ='Plano Estatístico Analitic 2020'!B275 -> 2824 | C22: ='Plano Estatístico Analitic 2020'!C275 -> 2486 | D22: ='Plano Estatístico Analitic 2020'!D275 -> 1784 | E22: ='Plano Estatístico Analitic 2020'!E275 -> 132 | F22: ='Plano Estatístico Analitic 2020'!F275 -> 147 | G22: ='Plano Estatístico Analitic 2020'!G275 -> 258 | H22: ='Plano Estatístico Analitic 2020'!H275 -> 394 | I22: ='Plano Estatístico Analitic 2020'!I275 -> 648 | ... O22: ='Plano Estatístico Analitic 2020'!O275 -> 1238.7778
A23: Número de Manutenções Corretivas | B23: ='Plano Estatístico Analitic 2020'!B281 -> 19 | C23: ='Plano Estatístico Analitic 2020'!C281 -> 1 | D23: ='Plano Estatístico Analitic 2020'!D281 -> 6 | E23: ='Plano Estatístico Analitic 2020'!F281 -> 0 | F23: ='Plano Estatístico Analitic 2020'!G281 -> 3 | G23: ='Plano Estatístico Analitic 2020'!H281 -> 5 | H23: ='Plano Estatístico Analitic 2020'!I281 -> 2 | I23: ='Plano Estatístico Analitic 2020'!J281 -> 4 | J23: ='Plano Estatístico Analitic 2020'!K281 -> 15 | K23: ='Plano Estatístico Analitic 2020'!L281 -> 3 | L23: ='Plano Estatístico Analitic 2020'!M281 -> 1 | M23: ='Plano Estatístico Analitic 2020'!N281 -> 60 | N23: ='Plano Estatístico Analitic 2020'!N281 -> 60 | O23: ='Plano Estatístico Analitic 2020'!O281 -> 5.4545455
A24: Número de Manutenções Preventivas | B24: ='Plano Estatístico Analitic 2020'!B282 -> 112 | C24: ='Plano Estatístico Analitic 2020'!C282 -> 75 | D24: 0 | E24: 0 | F24: 0 | G24: 0 | H24: 0 | I24: 0 | J24: 0 | K24: 0 | L24: 0 | M24: 0 | N24: ='Plano Estatístico Analitic 2020'!N282 -> 765 | O24: ='Plano Estatístico Analitic 2020'!O282 -> 63.75
A25: Total de Reparos da Manutenção | B25: ='Plano Estatístico Analitic 2020'!B312 -> 86 | C25: ='Plano Estatístico Analitic 2020'!C312 -> 55 | D25: ='Plano Estatístico Analitic 2020'!D312 -> 63 | E25: ='Plano Estatístico Analitic 2020'!E312 -> 52 | F25: ='Plano Estatístico Analitic 2020'!F312 -> 55 | G25: ='Plano Estatístico Analitic 2020'!G312 -> 59 | H25: ='Plano Estatístico Analitic 2020'!H312 -> 96 | I25: ='Plano Estatístico Analitic 2020'!I312 -> 35 | ... O25: ='Plano Estatístico Analitic 2020'!O312 -> 60.333333
A26: Total de Funcionários | B26: ='Plano Estatístico Analitic 2020'!B322 -> 225 | C26: ='Plano Estatístico Analitic 2020'!C322 -> 222 | D26: ='Plano Estatístico Analitic 2020'!D322 -> 223 | E26: ='Plano Estatístico Analitic 2020'!E322 -> 222 | F26: ='Plano Estatístico Analitic 2020'!F322 -> 221 | G26: ='Plano Estatístico Analitic 2020'!G322 -> 220 | H26: ='Plano Estatístico Analitic 2020'!H322 -> 223 | I26: ='Plano Estatístico Analitic 2020'!I322 -> 220 | ... O26: ='Plano Estatístico Analitic 2020'!O322 -> 221.5
A27: Total de Médicos | B27: ='Plano Estatístico Analitic 2020'!B329 -> 43 | C27: ='Plano Estatístico Analitic 2020'!C329 -> 46 | D27: ='Plano Estatístico Analitic 2020'!D329 -> 58 | E27: ='Plano Estatístico Analitic 2020'!E329 -> 60 | F27: ='Plano Estatístico Analitic 2020'!F329 -> 61 | G27: ='Plano Estatístico Analitic 2020'!G329 -> 62 | H27: ='Plano Estatístico Analitic 2020'!H329 -> 62 | I27: ='Plano Estatístico Analitic 2020'!I329 -> 62 | ... O27: ='Plano Estatístico Analitic 2020'!O329 -> 57.583333
A28: Total de Odontologia | B28: ='Plano Estatístico Analitic 2020'!B330 -> 8 | C28: ='Plano Estatístico Analitic 2020'!C330 -> 8 | D28: ='Plano Estatístico Analitic 2020'!D330 -> 8 | E28: ='Plano Estatístico Analitic 2020'!E330 -> 8 | F28: ='Plano Estatístico Analitic 2020'!F330 -> 8 | G28: ='Plano Estatístico Analitic 2020'!G330 -> 8 | H28: ='Plano Estatístico Analitic 2020'!H330 -> 8 | I28: ='Plano Estatístico Analitic 2020'!I330 -> 8 | ... O28: ='Plano Estatístico Analitic 2020'!O330 -> 8
A29: Total de Radiologia | B29: ='Plano Estatístico Analitic 2020'!B331 -> 3 | C29: ='Plano Estatístico Analitic 2020'!C331 -> 3 | D29: ='Plano Estatístico Analitic 2020'!D331 -> 3 | E29: ='Plano Estatístico Analitic 2020'!E331 -> 3 | F29: ='Plano Estatístico Analitic 2020'!F331 -> 3 | G29: ='Plano Estatístico Analitic 2020'!G331 -> 3 | H29: ='Plano Estatístico Analitic 2020'!H331 -> 3 | I29: ='Plano Estatístico Analitic 2020'!I331 -> 3 | ... O29: ='Plano Estatístico Analitic 2020'!O331 -> 2.8333333
A30: Total Fisioterapeuta | B30: ='Plano Estatístico Analitic 2020'!B332 -> 12 | C30: ='Plano Estatístico Analitic 2020'!C332 -> 13 | D30: ='Plano Estatístico Analitic 2020'!D332 -> 13 | E30: ='Plano Estatístico Analitic 2020'!E332 -> 13 | F30: ='Plano Estatístico Analitic 2020'!F332 -> 13 | G30: ='Plano Estatístico Analitic 2020'!G332 -> 13 | H30: ='Plano Estatístico Analitic 2020'!H332 -> 13 | I30: ='Plano Estatístico Analitic 2020'!I332 -> 13 | ... O30: ='Plano Estatístico Analitic 2020'!O332 -> 11.833333
A31: Total de Terapeuta Ocupacional | B31: ='Plano Estatístico Analitic 2020'!B333 -> 16 | C31: ='Plano Estatístico Analitic 2020'!C333 -> 16 | D31: ='Plano Estatístico Analitic 2020'!D333 -> 16 | E31: ='Plano Estatístico Analitic 2020'!E333 -> 16 | F31: ='Plano Estatístico Analitic 2020'!F333 -> 16 | G31: ='Plano Estatístico Analitic 2020'!G333 -> 16 | H31: ='Plano Estatístico Analitic 2020'!H333 -> 16 | I31: ='Plano Estatístico Analitic 2020'!I333 -> 17 | ... O31: ='Plano Estatístico Analitic 2020'!O333 -> 15.666667
A32: Total de Fonoaudiologista | B32: ='Plano Estatístico Analitic 2020'!B334 -> 12 | C32: ='Plano Estatístico Analitic 2020'!C334 -> 12 | D32: ='Plano Estatístico Analitic 2020'!D334 -> 12 | E32: ='Plano Estatístico Analitic 2020'!E334 -> 12 | F32: ='Plano Estatístico Analitic 2020'!F334 -> 12 | G32: ='Plano Estatístico Analitic 2020'!G334 -> 12 | H32: ='Plano Estatístico Analitic 2020'!H334 -> 12 | I32: ='Plano Estatístico Analitic 2020'!I334 -> 13 | ... O32: ='Plano Estatístico Analitic 2020'!O334 -> 12.166667
A33: Total de Educador Físico | B33: ='Plano Estatístico Analitic 2020'!B335 -> 4 | C33: ='Plano Estatístico Analitic 2020'!C335 -> 4 | D33: ='Plano Estatístico Analitic 2020'!D335 -> 4 | E33: ='Plano Estatístico Analitic 2020'!E335 -> 4 | F33: ='Plano Estatístico Analitic 2020'!F335 -> 4 | G33: ='Plano Estatístico Analitic 2020'!G335 -> 4 | H33: ='Plano Estatístico Analitic 2020'!H335 -> 4 | I33: ='Plano Estatístico Analitic 2020'!I335 -> 4 | ... O33: ='Plano Estatístico Analitic 2020'!O335 -> 4.4166667
A34: Total de Terceiros | B34: ='Plano Estatístico Analitic 2020'!B368 -> 0 | C34: ='Plano Estatístico Analitic 2020'!C368 -> 16 | D34: ='Plano Estatístico Analitic 2020'!D324 -> 16 | E34: ='Plano Estatístico Analitic 2020'!E324 -> 16 | F34: ='Plano Estatístico Analitic 2020'!F324 -> 16 | G34: ='Plano Estatístico Analitic 2020'!G324 -> 16 | H34: ='Plano Estatístico Analitic 2020'!H324 -> 15 | I34: ='Plano Estatístico Analitic 2020'!I324 -> 15 | J34: ='Plano Estatístico Analitic 2020'!J324 -> 17 | K34: ='Plano Estatístico Analitic 2020'!K324 -> 16 | ... M34: ='Plano Estatístico Analitic 2020'!M324 -> 16 | N34: ='Plano Estatístico Analitic 2020'!N368 -> 16 | O34: ='Plano Estatístico Analitic 2020'!O368 -> 16.090909
A35: Funcionários em Férias | B35: ='Plano Estatístico Analitic 2020'!B351 -> 11 | C35: ='Plano Estatístico Analitic 2020'!C351 -> 12 | D35: ='Plano Estatístico Analitic 2020'!D351 -> 11 | E35: ='Plano Estatístico Analitic 2020'!E351 -> 22 | F35: ='Plano Estatístico Analitic 2020'!F351 -> 24 | G35: ='Plano Estatístico Analitic 2020'!G351 -> 24 | H35: ='Plano Estatístico Analitic 2020'!H351 -> 27 | I35: ='Plano Estatístico Analitic 2020'!I351 -> 25 | ... O35: ='Plano Estatístico Analitic 2020'!O351 -> 21.5
A36: Funcionários de Licenças | B36: ='Plano Estatístico Analitic 2020'!B352 -> 8 | C36: ='Plano Estatístico Analitic 2020'!C352 -> 9 | D36: ='Plano Estatístico Analitic 2020'!D352 -> 8 | E36: ='Plano Estatístico Analitic 2020'!E352 -> 8 | F36: ='Plano Estatístico Analitic 2020'!F352 -> 12 | G36: ='Plano Estatístico Analitic 2020'!G352 -> 13 | H36: ='Plano Estatístico Analitic 2020'!H352 -> 7 | I36: ='Plano Estatístico Analitic 2020'!I352 -> 7 | ... O36: ='Plano Estatístico Analitic 2020'!O352 -> 10
A37: Admissões | B37: ='Plano Estatístico Analitic 2020'!B353 -> 5 | C37: ='Plano Estatístico Analitic 2020'!C353 -> 2 | D37: ='Plano Estatístico Analitic 2020'!D353 -> 2 | E37: ='Plano Estatístico Analitic 2020'!E353 -> 2 | F37: ='Plano Estatístico Analitic 2020'!F353 -> 1 | G37: ='Plano Estatístico Analitic 2020'!G353 -> 1 | H37: ='Plano Estatístico Analitic 2020'!H353 -> 0 | I37: ='Plano Estatístico Analitic 2020'!I353 -> 2 | ... O37: ='Plano Estatístico Analitic 2020'!O353 -> 6.3636364
A38: Demissões | B38: ='Plano Estatístico Analitic 2020'!B354 -> 2 | C38: ='Plano Estatístico Analitic 2020'!C354 -> 5 | D38: ='Plano Estatístico Analitic 2020'!D354 -> 2 | E38: ='Plano Estatístico Analitic 2020'!E354 -> 3 | F38: ='Plano Estatístico Analitic 2020'!F354 -> 1 | G38: ='Plano Estatístico Analitic 2020'!G354 -> 2 | H38: ='Plano Estatístico Analitic 2020'!H354 -> 1 | I38: ='Plano Estatístico Analitic 2020'!I354 -> 5 | ... O38: ='Plano Estatístico Analitic 2020'!O354 -> 4.4166667
A39: % do Pessoal - Serviços Adm | B39: ='Plano Estatístico Analitic 2020'!B361 -> 0.41333333 | C39: ='Plano Estatístico Analitic 2020'!C361 -> 0.41441441 | D39: ='Plano Estatístico Analitic 2020'!D361 -> 0.42600897 | E39: ='Plano Estatístico Analitic 2020'!E361 -> 0.41891892 | F39: ='Plano Estatístico Analitic 2020'!F361 -> 0.41628959 | G39: ='Plano Estatístico Analitic 2020'!G361 -> 0.42272727 | H39: ='Plano Estatístico Analitic 2020'!H361 -> 0.43497758 | I39: ='Plano Estatístico Analitic 2020'!I361 -> 0.44545455 | ... O39: ='Plano Estatístico Analitic 2020'!O361 -> 0.42727318
A40: % do Pessoal de Assistência | B40: ='Plano Estatístico Analitic 2020'!B362 -> 0.34222222 | C40: ='Plano Estatístico Analitic 2020'!C362 -> 0.34684685 | D40: ='Plano Estatístico Analitic 2020'!D362 -> 0.33632287 | E40: ='Plano Estatístico Analitic 2020'!E362 -> 0.34234234 | F40: ='Plano Estatístico Analitic 2020'!F362 -> 0.3438914 | G40: ='Plano Estatístico Analitic 2020'!G362 -> 0.35 | H40: ='Plano Estatístico Analitic 2020'!H362 -> 0.32735426 | I40: ='Plano Estatístico Analitic 2020'!I362 -> 0.31818182 | ... O40: ='Plano Estatístico Analitic 2020'!O362 -> 0.33783944
A41: % do Pessoal Serviços de Apoio | B41: ='Plano Estatístico Analitic 2020'!B363 -> 0.17333333 | C41: ='Plano Estatístico Analitic 2020'!C363 -> 0.17117117 | D41: ='Plano Estatístico Analitic 2020'!D363 -> 0.17040359 | E41: ='Plano Estatístico Analitic 2020'!E363 -> 0.17117117 | F41: ='Plano Estatístico Analitic 2020'!F363 -> 0.1719457 | G41: ='Plano Estatístico Analitic 2020'!G363 -> 0.15909091 | H41: ='Plano Estatístico Analitic 2020'!H363 -> 0.17040359 | I41: ='Plano Estatístico Analitic 2020'!I363 -> 0.17272727 | ... O41: ='Plano Estatístico Analitic 2020'!O363 -> 0.16974517
A42: % do Pessoal de Arte e Cultura | B42: ='Plano Estatístico Analitic 2020'!B364 -> 0.071111111 | C42: ='Plano Estatístico Analitic 2020'!C364 -> 0.067567568 | D42: ='Plano Estatístico Analitic 2020'!D364 -> 0.067264574 | E42: ='Plano Estatístico Analitic 2020'!E364 -> 0.067567568 | F42: ='Plano Estatístico Analitic 2020'!F364 -> 0.067873303 | G42: ='Plano Estatístico Analitic 2020'!G364 -> 0.068181818 | H42: ='Plano Estatístico Analitic 2020'!H364 -> 0.067264574 | I42: ='Plano Estatístico Analitic 2020'!I364 -> 0.063636364 | ... O42: ='Plano Estatístico Analitic 2020'!O364 -> 0.065142206
A43: % do Pessoal PCD | B43: ='Plano Estatístico Analitic 2020'!B365 -> 0.044444444 | C43: ='Plano Estatístico Analitic 2020'!C365 -> 0.045045045 | D43: ='Plano Estatístico Analitic 2020'!D365 -> 0.044843049 | E43: ='Plano Estatístico Analitic 2020'!E365 -> 0.036036036 | F43: ='Plano Estatístico Analitic 2020'!F365 -> 0.036199095 | G43: ='Plano Estatístico Analitic 2020'!G365 -> 0.036363636 | H43: ='Plano Estatístico Analitic 2020'!H365 -> 0.035874439 | I43: ='Plano Estatístico Analitic 2020'!I365 -> 0.054545455 | ... O43: ='Plano Estatístico Analitic 2020'!O365 -> 0.042583146
A44: Indice de Absenteísmo | B44: ='Plano Estatístico Analitic 2020'!B357 -> 2.0596654 | C44: ='Plano Estatístico Analitic 2020'!C357 -> 2.4139372 | D44: ='Plano Estatístico Analitic 2020'!D357 -> 2.7099624 | E44: ='Plano Estatístico Analitic 2020'!E357 -> 2.6117113 | F44: ='Plano Estatístico Analitic 2020'!F357 -> 1.8652737 | G44: ='Plano Estatístico Analitic 2020'!G357 -> 1.257307 | H44: ='Plano Estatístico Analitic 2020'!H357 -> 1.099378 | I44: ='Plano Estatístico Analitic 2020'!I357 -> 2.1744088 | ... O44: ='Plano Estatístico Analitic 2020'!O357 -> 2.8506565
A45: Índice de Rotatividade | B45: ='Plano Estatístico Analitic 2020'!B360 -> 1.5555556 | C45: ='Plano Estatístico Analitic 2020'!C360 -> 1.5765766 | D45: ='Plano Estatístico Analitic 2020'!D360 -> 0.89686099 | E45: ='Plano Estatístico Analitic 2020'!E360 -> 1.1261261 | F45: ='Plano Estatístico Analitic 2020'!F360 -> 0.45248869 | G45: ='Plano Estatístico Analitic 2020'!G360 -> 0.68181818 | H45: ='Plano Estatístico Analitic 2020'!H360 -> 0.22421525 | I45: ='Plano Estatístico Analitic 2020'!I360 -> 1.5909091 | ... O45: ='Plano Estatístico Analitic 2020'!O360 -> 2.2913067 | DI45: Índice de Rotatividade | DJ45: Índice de Rotatividade | DK45: Índice de Rotatividade | DL45: Índice de Rotatividade | DM45: Índice de Rotatividade | DN45: Índice de Rotatividade | DO45: Índice de Rotatividade | DP45: Índice de Rotatividade | DQ45: Índice de Rotatividade | DR45: Índice de Rotatividade | DS45: Índice de Rotatividade | DT45: Índice de Rotatividade | DU45: Índice de Rotatividade | DV45: Índice de Rotatividade | DW45: Índice de Rotatividade | DX45: Índice de Rotatividade | DY45: Índice de Rotatividade | DZ45: Índice de Rotatividade | EA45: Índice de Rotatividade | EB45: Índice de Rotatividade | EC45: Índice de Rotatividade | ED45: Índice de Rotatividade | EE45: Índice de Rotatividade | EF45: Índice de Rotatividade | EG45: Índice de Rotatividade | EH45: Índice de Rotatividade | EI45: Índice de Rotatividade | EJ45: Índice de Rotatividade | EK45: Índice de Rotatividade | EL45: Índice de Rotatividade | EM45: Índice de Rotatividade | EN45: Índice de Rotatividade | EO45: Índice de Rotatividade | EP45: Índice de Rotatividade | EQ45: Índice de Rotatividade | ER45: Índice de Rotatividade | ES45: Índice de Rotatividade | ET45: Índice de Rotatividade | EU45: Índice de Rotatividade | EV45: Índice de Rotatividade | EW45: Índice de Rotatividade | EX45: Índice de Rotatividade | EY45: Índice de Rotatividade | EZ45: Índice de Rotatividade | FA45: Índice de Rotatividade | FB45: Índice de Rotatividade | FC45: Índice de Rotatividade | FD45: Índice de Rotatividade | FE45: Índice de Rotatividade | FF45: Índice de Rotatividade | FG45: Índice de Rotatividade | FH45: Índice de Rotatividade | FI45: Índice de Rotatividade | FJ45: Índice de Rotatividade | FK45: Índice de Rotatividade | FL45: Índice de Rotatividade | FM45: Índice de Rotatividade | FN45: Índice de Rotatividade | FO45: Índice de Rotatividade | FP45: Índice de Rotatividade | FQ45: Índice de Rotatividade | FR45: Índice de Rotatividade | FS45: Índice de Rotatividade | FT45: Índice de Rotatividade | FU45: Índice de Rotatividade | FV45: Índice de Rotatividade | FW45: Índice de Rotatividade | FX45: Índice de Rotatividade | FY45: Índice de Rotatividade | FZ45: Índice de Rotatividade | GA45: Índice de Rotatividade | GB45: Índice de Rotatividade | GC45: Índice de Rotatividade | GD45: Índice de Rotatividade | GE45: Índice de Rotatividade | GF45: Índice de Rotatividade | GG45: Índice de Rotatividade | GH45: Índice de Rotatividade | GI45: Índice de Rotatividade | GJ45: Índice de Rotatividade | GK45: Índice de Rotatividade | GL45: Índice de Rotatividade | GM45: Índice de Rotatividade | GN45: Índice de Rotatividade | GO45: Índice de Rotatividade | GP45: Índice de Rotatividade | GQ45: Índice de Rotatividade | GR45: Índice de Rotatividade | GS45: Índice de Rotatividade | GT45: Índice de Rotatividade | GU45: Índice de Rotatividade | GV45: Índice de Rotatividade | GW45: Índice de Rotatividade | GX45: Índice de Rotatividade | GY45: Índice de Rotatividade | GZ45: Índice de Rotatividade | HA45: Índice de Rotatividade | HB45: Índice de Rotatividade | HC45: Índice de Rotatividade | HD45: Índice de Rotatividade | HE45: Índice de Rotatividade | HF45: Índice de Rotatividade | HG45: Índice de Rotatividade | HH45: Índice de Rotatividade | HI45: Índice de Rotatividade | HJ45: Índice de Rotatividade | HK45: Índice de Rotatividade | HL45: Índice de Rotatividade | HM45: Índice de Rotatividade | HN45: Índice de Rotatividade | HO45: Índice de Rotatividade | HP45: Índice de Rotatividade | HQ45: Índice de Rotatividade | HR45: Índice de Rotatividade | HS45: Índice de Rotatividade | HT45: Índice de Rotatividade | HU45: Índice de Rotatividade | HV45: Índice de Rotatividade | HW45: Índice de Rotatividade | HX45: Índice de Rotatividade | HY45: Índice de Rotatividade | HZ45: Índice de Rotatividade | IA45: Índice de Rotatividade | IB45: Índice de Rotatividade | IC45: Índice de Rotatividade | ID45: Índice de Rotatividade | IE45: Índice de Rotatividade | IF45: Índice de Rotatividade | IG45: Índice de Rotatividade | IH45: Índice de Rotatividade | II45: Índice de Rotatividade | IJ45: Índice de Rotatividade | IK45: Índice de Rotatividade | IL45: Índice de Rotatividade | IM45: Índice de Rotatividade | IN45: Índice de Rotatividade | IO45: Índice de Rotatividade | IP45: Índice de Rotatividade | IQ45: Índice de Rotatividade | IR45: Índice de Rotatividade | IS45: Índice de Rotatividade | IT45: Índice de Rotatividade | IU45: Índice de Rotatividade | IV45: Índice de Rotatividade
A46: ='Plano Estatístico Analitic 2020'!A405 -> Total de Compras | B46: ='Plano Estatístico Analitic 2020'!B405 -> 172444.3 | C46: ='Plano Estatístico Analitic 2020'!C405 -> 180262.27 | D46: ='Plano Estatístico Analitic 2020'!D405 -> 154010.69 | E46: ='Plano Estatístico Analitic 2020'!E405 -> 279654.88 | F46: ='Plano Estatístico Analitic 2020'!F405 -> 449460.49 | G46: ='Plano Estatístico Analitic 2020'!G405 -> 240419.87 | H46: ='Plano Estatístico Analitic 2020'!H405 -> 311721.48 | ... O46: ='Plano Estatístico Analitic 2020'!O405 -> 261853.06
A47: ='Plano Estatístico Analitic 2020'!A427 -> Total de Consumo | B47: ='Plano Estatístico Analitic 2020'!B427 -> 196757.04 | C47: ='Plano Estatístico Analitic 2020'!C427 -> 125367.8 | D47: ='Plano Estatístico Analitic 2020'!D427 -> 228641.73 | E47: ='Plano Estatístico Analitic 2020'!E427 -> 246620.8 | F47: ='Plano Estatístico Analitic 2020'!F427 -> 403630.46 | G47: ='Plano Estatístico Analitic 2020'!G427 -> 109057.54 | H47: ='Plano Estatístico Analitic 2020'!H427 -> 231279.23 | ... O47: ='Plano Estatístico Analitic 2020'!O427 -> 246953.57
A48: ='Plano Estatístico Analitic 2020'!A428 -> Valor Atual do Estoque | B48: ='Plano Estatístico Analitic 2020'!B428 -> 625969.56 | C48: ='Plano Estatístico Analitic 2020'!C428 -> 679286.74 | D48: ='Plano Estatístico Analitic 2020'!D428 -> 602611.48 | E48: ='Plano Estatístico Analitic 2020'!E428 -> 630023.4 | F48: ='Plano Estatístico Analitic 2020'!F428 -> 672008.41 | G48: ='Plano Estatístico Analitic 2020'!G428 -> 802593.16 | H48: ='Plano Estatístico Analitic 2020'!H428 -> 879340.24 | ... O48: ='Plano Estatístico Analitic 2020'!O428 -> 721221.96
A51: Principais dados estatísticos de 2020
A53: Atendimentos Ambulatoriais - por Especialidade | B53: 43831 | C53: 43862 | D53: 43891 | E53: 43922 | F53: 43952 | G53: 43983 | H53: 44013 | I53: 44044 | J53: 44075 | K53: 44105 | L53: 44136 | M53: 44166 | N53: Acumulado | O53: Média
A54: Anestesiologia | B54: ='Plano Estatístico Analitic 2020'!B25 -> 87 | C54: ='Plano Estatístico Analitic 2020'!C25 -> 67 | D54: ='Plano Estatístico Analitic 2020'!D25 -> 27 | E54: ='Plano Estatístico Analitic 2020'!E25 -> 15 | F54: ='Plano Estatístico Analitic 2020'!F25 -> 18 | G54: ='Plano Estatístico Analitic 2020'!G25 -> 32 | H54: ='Plano Estatístico Analitic 2020'!H25 -> 54 | I54: ='Plano Estatístico Analitic 2020'!I25 -> 24 | ... O54: ='Plano Estatístico Analitic 2020'!O25 -> 46.5
A55: Clínica Médica | B55: ='Plano Estatístico Analitic 2020'!B26 -> 168 | C55: ='Plano Estatístico Analitic 2020'!C26 -> 265 | D55: ='Plano Estatístico Analitic 2020'!D26 -> 575 | E55: ='Plano Estatístico Analitic 2020'!E26 -> 222 | F55: ='Plano Estatístico Analitic 2020'!F26 -> 142 | G55: ='Plano Estatístico Analitic 2020'!G26 -> 89 | H55: ='Plano Estatístico Analitic 2020'!H26 -> 148 | I55: ='Plano Estatístico Analitic 2020'!I26 -> 241 | ... O55: ='Plano Estatístico Analitic 2020'!O26 -> 244
A56: Cardiologista | B56: ='Plano Estatístico Analitic 2020'!B28 -> 296 | C56: ='Plano Estatístico Analitic 2020'!C28 -> 282 | D56: ='Plano Estatístico Analitic 2020'!D28 -> 289 | E56: ='Plano Estatístico Analitic 2020'!E28 -> 79 | F56: ='Plano Estatístico Analitic 2020'!F28 -> 143 | G56: ='Plano Estatístico Analitic 2020'!G28 -> 220 | H56: ='Plano Estatístico Analitic 2020'!H28 -> 311 | I56: ='Plano Estatístico Analitic 2020'!I28 -> 281 | ... O56: ='Plano Estatístico Analitic 2020'!O28 -> 262.91667
A57: Fisiatra | B57: ='Plano Estatístico Analitic 2020'!B29 -> 135 | C57: ='Plano Estatístico Analitic 2020'!C29 -> 133 | D57: ='Plano Estatístico Analitic 2020'!D29 -> 115 | E57: ='Plano Estatístico Analitic 2020'!E29 -> 31 | F57: ='Plano Estatístico Analitic 2020'!F29 -> 37 | G57: ='Plano Estatístico Analitic 2020'!G29 -> 82 | H57: ='Plano Estatístico Analitic 2020'!H29 -> 158 | I57: ='Plano Estatístico Analitic 2020'!I29 -> 146 | ... O57: ='Plano Estatístico Analitic 2020'!O29 -> 121.41667
A58: Geneticista | B58: ='Plano Estatístico Analitic 2020'!B30 -> 97 | C58: ='Plano Estatístico Analitic 2020'!C30 -> 70 | D58: ='Plano Estatístico Analitic 2020'!D30 -> 21 | E58: ='Plano Estatístico Analitic 2020'!E30 -> 15 | F58: ='Plano Estatístico Analitic 2020'!F30 -> 12 | G58: ='Plano Estatístico Analitic 2020'!G30 -> 35 | H58: ='Plano Estatístico Analitic 2020'!H30 -> 23 | I58: ='Plano Estatístico Analitic 2020'!I30 -> 32 | ... O58: ='Plano Estatístico Analitic 2020'!O30 -> 50.416667
A59: Neurologia Adulto | B59: ='Plano Estatístico Analitic 2020'!B31 -> 249 | C59: ='Plano Estatístico Analitic 2020'!C31 -> 210 | D59: ='Plano Estatístico Analitic 2020'!D31 -> 174 | E59: ='Plano Estatístico Analitic 2020'!E31 -> 73 | F59: ='Plano Estatístico Analitic 2020'!F31 -> 102 | G59: ='Plano Estatístico Analitic 2020'!G31 -> 170 | H59: ='Plano Estatístico Analitic 2020'!H31 -> 198 | I59: ='Plano Estatístico Analitic 2020'!I31 -> 266 | ... O59: ='Plano Estatístico Analitic 2020'!O31 -> 188.58333
A60: Neurologia Infantil | B60: ='Plano Estatístico Analitic 2020'!B32 -> 284 | C60: ='Plano Estatístico Analitic 2020'!C32 -> 270 | D60: ='Plano Estatístico Analitic 2020'!D32 -> 223 | E60: ='Plano Estatístico Analitic 2020'!E32 -> 125 | F60: ='Plano Estatístico Analitic 2020'!F32 -> 118 | G60: ='Plano Estatístico Analitic 2020'!G32 -> 136 | H60: ='Plano Estatístico Analitic 2020'!H32 -> 257 | I60: ='Plano Estatístico Analitic 2020'!I32 -> 274 | ... O60: ='Plano Estatístico Analitic 2020'!O32 -> 236.58333
A61: Oftalmologista | B61: ='Plano Estatístico Analitic 2020'!B33 -> 417 | C61: ='Plano Estatístico Analitic 2020'!C33 -> 408 | D61: ='Plano Estatístico Analitic 2020'!D33 -> 287 | E61: ='Plano Estatístico Analitic 2020'!E33 -> 179 | F61: ='Plano Estatístico Analitic 2020'!F33 -> 96 | G61: ='Plano Estatístico Analitic 2020'!G33 -> 152 | H61: ='Plano Estatístico Analitic 2020'!H33 -> 193 | I61: ='Plano Estatístico Analitic 2020'!I33 -> 439 | ... O61: ='Plano Estatístico Analitic 2020'!O33 -> 309.5
A62: Ortopedista | B62: ='Plano Estatístico Analitic 2020'!B34 -> 296 | C62: ='Plano Estatístico Analitic 2020'!C34 -> 405 | D62: ='Plano Estatístico Analitic 2020'!D34 -> 297 | E62: ='Plano Estatístico Analitic 2020'!E34 -> 119 | F62: ='Plano Estatístico Analitic 2020'!F34 -> 104 | G62: ='Plano Estatístico Analitic 2020'!G34 -> 213 | H62: ='Plano Estatístico Analitic 2020'!H34 -> 241 | I62: ='Plano Estatístico Analitic 2020'!I34 -> 334 | ... O62: ='Plano Estatístico Analitic 2020'!O34 -> 270.33333
A63: Otorrinolaringologista | B63: ='Plano Estatístico Analitic 2020'!B35 -> 499 | C63: ='Plano Estatístico Analitic 2020'!C35 -> 442 | D63: ='Plano Estatístico Analitic 2020'!D35 -> 359 | E63: ='Plano Estatístico Analitic 2020'!E35 -> 177 | F63: ='Plano Estatístico Analitic 2020'!F35 -> 173 | G63: ='Plano Estatístico Analitic 2020'!G35 -> 259 | H63: ='Plano Estatístico Analitic 2020'!H35 -> 292 | I63: ='Plano Estatístico Analitic 2020'!I35 -> 330 | ... O63: ='Plano Estatístico Analitic 2020'!O35 -> 337.41667
A64: Urologista | B64: ='Plano Estatístico Analitic 2020'!B36 -> 53 | C64: ='Plano Estatístico Analitic 2020'!C36 -> 131 | D64: ='Plano Estatístico Analitic 2020'!D36 -> 97 | E64: ='Plano Estatístico Analitic 2020'!E36 -> 48 | F64: ='Plano Estatístico Analitic 2020'!F36 -> 23 | G64: ='Plano Estatístico Analitic 2020'!G36 -> 67 | H64: ='Plano Estatístico Analitic 2020'!H36 -> 71 | I64: ='Plano Estatístico Analitic 2020'!I36 -> 104 | ... O64: ='Plano Estatístico Analitic 2020'!O36 -> 78.416667
A65: Proctogastroenterologia | B65: ='Plano Estatístico Analitic 2020'!B37 -> 64 | C65: ='Plano Estatístico Analitic 2020'!C37 -> 137 | D65: ='Plano Estatístico Analitic 2020'!D37 -> 117 | E65: ='Plano Estatístico Analitic 2020'!E37 -> 53 | F65: ='Plano Estatístico Analitic 2020'!F37 -> 44 | G65: ='Plano Estatístico Analitic 2020'!G37 -> 81 | H65: ='Plano Estatístico Analitic 2020'!H37 -> 171 | I65: ='Plano Estatístico Analitic 2020'!I37 -> 171 | ... O65: ='Plano Estatístico Analitic 2020'!O37 -> 123.91667
A66: Psiquiatra | B66: ='Plano Estatístico Analitic 2020'!B38 -> 250 | C66: ='Plano Estatístico Analitic 2020'!C38 -> 128 | D66: ='Plano Estatístico Analitic 2020'!D38 -> 100 | E66: ='Plano Estatístico Analitic 2020'!E38 -> 59 | F66: ='Plano Estatístico Analitic 2020'!F38 -> 81 | G66: ='Plano Estatístico Analitic 2020'!G38 -> 103 | H66: ='Plano Estatístico Analitic 2020'!H38 -> 138 | I66: ='Plano Estatístico Analitic 2020'!I38 -> 96 | ... O66: ='Plano Estatístico Analitic 2020'!O38 -> 116.91667
A67: Cirurgião Dentista Esp. Necessidades Especiais | B67: ='Plano Estatístico Analitic 2020'!B39 -> 1095 | C67: ='Plano Estatístico Analitic 2020'!C39 -> 616 | D67: ='Plano Estatístico Analitic 2020'!D39 -> 581 | E67: ='Plano Estatístico Analitic 2020'!E39 -> 7 | F67: ='Plano Estatístico Analitic 2020'!F39 -> 7 | G67: ='Plano Estatístico Analitic 2020'!G39 -> 12 | H67: ='Plano Estatístico Analitic 2020'!H39 -> 17 | I67: ='Plano Estatístico Analitic 2020'!I39 -> 61 | ... O67: ='Plano Estatístico Analitic 2020'!O39 -> 374.33333
... A80: Pediatria | B80: ='Plano Estatístico Analitic 2020'!B52 -> 117 | C80: ='Plano Estatístico Analitic 2020'!C52 -> 101 | D80: ='Plano Estatístico Analitic 2020'!D52 -> 69 | E80: ='Plano Estatístico Analitic 2020'!E52 -> 11 | F80: ='Plano Estatístico Analitic 2020'!F52 -> 24 | G80: ='Plano Estatístico Analitic 2020'!G52 -> 56 | H80: ='Plano Estatístico Analitic 2020'!H52 -> 74 | I80: ='Plano Estatístico Analitic 2020'!I52 -> 121 | ... O80: ='Plano Estatístico Analitic 2020'!O52 -> 89.916667
A81: Reumatologia | C81: ='Plano Estatístico Analitic 2020'!C53 -> 71 | D81: ='Plano Estatístico Analitic 2020'!D53 -> 65 | E81: ='Plano Estatístico Analitic 2020'!E53 -> 36 | F81: ='Plano Estatístico Analitic 2020'!F53 -> 14 | G81: ='Plano Estatístico Analitic 2020'!G53 -> 41 | H81: ='Plano Estatístico Analitic 2020'!H53 -> 84 | I81: ='Plano Estatístico Analitic 2020'!I53 -> 74 | J81: ='Plano Estatístico Analitic 2020'!J53 -> 88 | ... O81: ='Plano Estatístico Analitic 2020'!O53 -> 67.583333
A82: Endocrinologia | B82: ='Plano Estatístico Analitic 2020'!B54 -> 73 | C82: ='Plano Estatístico Analitic 2020'!C54 -> 82 | D82: ='Plano Estatístico Analitic 2020'!D54 -> 51 | E82: ='Plano Estatístico Analitic 2020'!E54 -> 19 | F82: ='Plano Estatístico Analitic 2020'!F54 -> 29 | G82: ='Plano Estatístico Analitic 2020'!G54 -> 37 | H82: ='Plano Estatístico Analitic 2020'!H54 -> 61 | I82: ='Plano Estatístico Analitic 2020'!I54 -> 48 | ... O82: ='Plano Estatístico Analitic 2020'!O54 -> 52.727273
A83: Ortopedia Pediátrica | B83: ='Plano Estatístico Analitic 2020'!B55 -> 262 | C83: ='Plano Estatístico Analitic 2020'!C55 -> 240 | D83: ='Plano Estatístico Analitic 2020'!D55 -> 310 | E83: ='Plano Estatístico Analitic 2020'!E55 -> 128 | F83: ='Plano Estatístico Analitic 2020'!F55 -> 79 | G83: ='Plano Estatístico Analitic 2020'!G55 -> 174 | H83: ='Plano Estatístico Analitic 2020'!H55 -> 228 | I83: ='Plano Estatístico Analitic 2020'!I55 -> 169 | ... O83: ='Plano Estatístico Analitic 2020'!O55 -> 265.16667
A84: Musicoterapeuta | B84: ='Plano Estatístico Analitic 2020'!B56 -> 258 | C84: ='Plano Estatístico Analitic 2020'!C56 -> 175 | D84: ='Plano Estatístico Analitic 2020'!D56 -> 122 | E84: ='Plano Estatístico Analitic 2020'!E56 -> 2 | F84: ='Plano Estatístico Analitic 2020'!F56 -> 0 | G84: ='Plano Estatístico Analitic 2020'!G56 -> 13 | H84: ='Plano Estatístico Analitic 2020'!H56 -> 41 | I84: ='Plano Estatístico Analitic 2020'!I56 -> 138 | ... O84: ='Plano Estatístico Analitic 2020'!O56 -> 123.45455
A85: Prótese Buco-Maxilo- Facial | B85: ='Plano Estatístico Analitic 2020'!B57 -> 4 | C85: ='Plano Estatístico Analitic 2020'!C57 -> 5 | D85: ='Plano Estatístico Analitic 2020'!D57 -> 1 | E85: ='Plano Estatístico Analitic 2020'!E57 -> 2 | F85: ='Plano Estatístico Analitic 2020'!F57 -> 0 | G85: ='Plano Estatístico Analitic 2020'!G57 -> 7 | H85: ='Plano Estatístico Analitic 2020'!H57 -> 34 | I85: ='Plano Estatístico Analitic 2020'!I57 -> 28 | ... O85: ='Plano Estatístico Analitic 2020'!O57 -> 13.909091
A86: Alergologia Pediátrica | B86: ='Plano Estatístico Analitic 2020'!B58 -> 0 | C86: ='Plano Estatístico Analitic 2020'!C58 -> 0 | D86: ='Plano Estatístico Analitic 2020'!D58 -> 0 | E86: ='Plano Estatístico Analitic 2020'!E58 -> 0 | F86: ='Plano Estatístico Analitic 2020'!F58 -> 0 | G86: ='Plano Estatístico Analitic 2020'!G58 -> 0 | H86: ='Plano Estatístico Analitic 2020'!H58 -> 0 | I86: ='Plano Estatístico Analitic 2020'!I58 -> 0 | ... O86: ='Plano Estatístico Analitic 2020'!O58 -> 11
A87: Cardiologia Pediátrica | B87: ='Plano Estatístico Analitic 2020'!B59 -> 0 | C87: ='Plano Estatístico Analitic 2020'!C59 -> 0 | D87: ='Plano Estatístico Analitic 2020'!D59 -> 0 | E87: ='Plano Estatístico Analitic 2020'!E59 -> 0 | F87: ='Plano Estatístico Analitic 2020'!F59 -> 0 | G87: ='Plano Estatístico Analitic 2020'!G59 -> 0 | H87: ='Plano Estatístico Analitic 2020'!H59 -> 0 | I87: ='Plano Estatístico Analitic 2020'!I59 -> 0 | ... O87: ='Plano Estatístico Analitic 2020'!O59 -> 21
A88: Dermatologia Pediátrica | B88: ='Plano Estatístico Analitic 2020'!B60 -> 0 | C88: ='Plano Estatístico Analitic 2020'!C60 -> 0 | D88: ='Plano Estatístico Analitic 2020'!D60 -> 0 | E88: ='Plano Estatístico Analitic 2020'!E60 -> 0 | F88: ='Plano Estatístico Analitic 2020'!F60 -> 0 | G88: ='Plano Estatístico Analitic 2020'!G60 -> 0 | H88: ='Plano Estatístico Analitic 2020'!H60 -> 0 | I88: ='Plano Estatístico Analitic 2020'!I60 -> 0 | ... O88: ='Plano Estatístico Analitic 2020'!O60 -> 9
A89: Endocrinologia Pediátrica | B89: ='Plano Estatístico Analitic 2020'!B61 -> 0 | C89: ='Plano Estatístico Analitic 2020'!C61 -> 0 | D89: ='Plano Estatístico Analitic 2020'!D61 -> 0 | E89: ='Plano Estatístico Analitic 2020'!E61 -> 0 | F89: ='Plano Estatístico Analitic 2020'!F61 -> 0 | G89: ='Plano Estatístico Analitic 2020'!G61 -> 0 | H89: ='Plano Estatístico Analitic 2020'!H61 -> 0 | I89: ='Plano Estatístico Analitic 2020'!I61 -> 0 | ... O89: ='Plano Estatístico Analitic 2020'!O61 -> 5
A90: Gastroenterologia Pediátrica | B90: ='Plano Estatístico Analitic 2020'!B62 -> 0 | C90: ='Plano Estatístico Analitic 2020'!C62 -> 0 | D90: ='Plano Estatístico Analitic 2020'!D62 -> 0 | E90: ='Plano Estatístico Analitic 2020'!E62 -> 0 | F90: ='Plano Estatístico Analitic 2020'!F62 -> 0 | G90: ='Plano Estatístico Analitic 2020'!G62 -> 0 | H90: ='Plano Estatístico Analitic 2020'!H62 -> 0 | I90: ='Plano Estatístico Analitic 2020'!I62 -> 0 | ... O90: ='Plano Estatístico Analitic 2020'!O62 -> 6
A91: Hematologia Pediátrica | B91: ='Plano Estatístico Analitic 2020'!B63 -> 0 | C91: ='Plano Estatístico Analitic 2020'!C63 -> 0 | D91: ='Plano Estatístico Analitic 2020'!D63 -> 0 | E91: ='Plano Estatístico Analitic 2020'!E63 -> 0 | F91: ='Plano Estatístico Analitic 2020'!F63 -> 0 | G91: ='Plano Estatístico Analitic 2020'!G63 -> 0 | H91: ='Plano Estatístico Analitic 2020'!H63 -> 0 | I91: ='Plano Estatístico Analitic 2020'!I63 -> 0 | ... O91: ='Plano Estatístico Analitic 2020'!O63 -> 0
A92: Nefrologia Pediátrica | B92: ='Plano Estatístico Analitic 2020'!B64 -> 0 | C92: ='Plano Estatístico Analitic 2020'!C64 -> 0 | D92: ='Plano Estatístico Analitic 2020'!D64 -> 0 | E92: ='Plano Estatístico Analitic 2020'!E64 -> 0 | F92: ='Plano Estatístico Analitic 2020'!F64 -> 0 | G92: ='Plano Estatístico Analitic 2020'!G64 -> 0 | H92: ='Plano Estatístico Analitic 2020'!H64 -> 0 | I92: ='Plano Estatístico Analitic 2020'!I64 -> 0 | ... O92: ='Plano Estatístico Analitic 2020'!O64 -> 5
A93: Reumatologia Pediátrica | B93: ='Plano Estatístico Analitic 2020'!B65 -> 0 | C93: ='Plano Estatístico Analitic 2020'!C65 -> 0 | D93: ='Plano Estatístico Analitic 2020'!D65 -> 0 | E93: ='Plano Estatístico Analitic 2020'!E65 -> 0 | F93: ='Plano Estatístico Analitic 2020'!F65 -> 0 | G93: ='Plano Estatístico Analitic 2020'!G65 -> 0 | H93: ='Plano Estatístico Analitic 2020'!H65 -> 0 | I93: ='Plano Estatístico Analitic 2020'!I65 -> 0 | ... O93: ='Plano Estatístico Analitic 2020'!O65 -> 1
A94: Urologista Pediátrica | B94: ='Plano Estatístico Analitic 2020'!B66 -> 0 | C94: ='Plano Estatístico Analitic 2020'!C66 -> 0 | D94: ='Plano Estatístico Analitic 2020'!D66 -> 0 | E94: ='Plano Estatístico Analitic 2020'!E66 -> 0 | F94: ='Plano Estatístico Analitic 2020'!F66 -> 0 | G94: ='Plano Estatístico Analitic 2020'!G66 -> 0 | H94: ='Plano Estatístico Analitic 2020'!H66 -> 0 | I94: ='Plano Estatístico Analitic 2020'!I66 -> 0 | ... O94: ='Plano Estatístico Analitic 2020'!O66 -> 1
A95: Total | B95: =SUM(B54:B94) -> 16530 | C95: =SUM(C54:C94) -> 12743 | D95: =SUM(D54:D94) -> 9817 | E95: =SUM(E54:E94) -> 1662 | F95: =SUM(F54:F94) -> 1459 | G95: =SUM(G54:G94) -> 2546 | H95: =SUM(H54:H94) -> 5020 | I95: =SUM(I54:I94) -> 7587 | ... O95: =SUM(O54:O94) -> 8355.053
A98: Principais dados estatísticos de 2020
A100: Exames | B100: 43831 | C100: 43862 | D100: 43891 | E100: 43922 | F100: 43952 | G100: 43983 | H100: 44013 | I100: 44044 | J100: 44075 | K100: 44105 | L100: 44136 | M100: 44166 | N100: Acumulado | O100: Média
A101: Nº de Exames de Audiometria | B101: ='Plano Estatístico Analitic 2020'!B201 -> 281 | C101: ='Plano Estatístico Analitic 2020'!C201 -> 341 | D101: ='Plano Estatístico Analitic 2020'!D201 -> 160 | E101: ='Plano Estatístico Analitic 2020'!E201 -> 122 | F101: ='Plano Estatístico Analitic 2020'!F201 -> 92 | G101: ='Plano Estatístico Analitic 2020'!G201 -> 175 | H101: ='Plano Estatístico Analitic 2020'!H201 -> 183 | I101: ='Plano Estatístico Analitic 2020'!I201 -> 206 | ... O101: ='Plano Estatístico Analitic 2020'!O201 -> 191.66667
A102: Nº de Exames de Berapotencial Evocado | B102: ='Plano Estatístico Analitic 2020'!B202 -> 107 | C102: ='Plano Estatístico Analitic 2020'!C202 -> 148 | D102: ='Plano Estatístico Analitic 2020'!D202 -> 57 | E102: ='Plano Estatístico Analitic 2020'!E202 -> 41 | F102: ='Plano Estatístico Analitic 2020'!F202 -> 23 | G102: ='Plano Estatístico Analitic 2020'!G202 -> 55 | H102: ='Plano Estatístico Analitic 2020'!H202 -> 61 | I102: ='Plano Estatístico Analitic 2020'!I202 -> 50 | ... O102: ='Plano Estatístico Analitic 2020'!O202 -> 61
A103: Nº de Exames de Densitometria Óssea | B103: ='Plano Estatístico Analitic 2020'!B203 -> 145 | C103: ='Plano Estatístico Analitic 2020'!C203 -> 128 | D103: ='Plano Estatístico Analitic 2020'!D203 -> 102 | E103: ='Plano Estatístico Analitic 2020'!E203 -> 21 | F103: ='Plano Estatístico Analitic 2020'!F203 -> 10 | G103: ='Plano Estatístico Analitic 2020'!G203 -> 85 | H103: ='Plano Estatístico Analitic 2020'!H203 -> 97 | I103: ='Plano Estatístico Analitic 2020'!I203 -> 111 | ... O103: ='Plano Estatístico Analitic 2020'!O203 -> 93.333333
A104: Nº de Exames de Ecocardiograma | B104: ='Plano Estatístico Analitic 2020'!B204 -> 314 | C104: ='Plano Estatístico Analitic 2020'!C204 -> 289 | D104: ='Plano Estatístico Analitic 2020'!D204 -> 194 | E104: ='Plano Estatístico Analitic 2020'!E204 -> 177 | F104: ='Plano Estatístico Analitic 2020'!F204 -> 98 | G104: ='Plano Estatístico Analitic 2020'!G204 -> 332 | H104: ='Plano Estatístico Analitic 2020'!H204 -> 310 | I104: ='Plano Estatístico Analitic 2020'!I204 -> 285 | ... O104: ='Plano Estatístico Analitic 2020'!O204 -> 267.75
A105: Nº de Exames de Eletrocardiograma | B105: ='Plano Estatístico Analitic 2020'!B205 -> 227 | C105: ='Plano Estatístico Analitic 2020'!C205 -> 257 | D105: ='Plano Estatístico Analitic 2020'!D205 -> 128 | E105: ='Plano Estatístico Analitic 2020'!E205 -> 89 | F105: ='Plano Estatístico Analitic 2020'!F205 -> 87 | G105: ='Plano Estatístico Analitic 2020'!G205 -> 305 | H105: ='Plano Estatístico Analitic 2020'!H205 -> 303 | I105: ='Plano Estatístico Analitic 2020'!I205 -> 419 | ... O105: ='Plano Estatístico Analitic 2020'!O205 -> 227.41667
A106: Nº de Exames de Eletroencefalograma | B106: ='Plano Estatístico Analitic 2020'!B206 -> 155 | C106: ='Plano Estatístico Analitic 2020'!C206 -> 156 | D106: ='Plano Estatístico Analitic 2020'!D206 -> 178 | E106: ='Plano Estatístico Analitic 2020'!E206 -> 105 | F106: ='Plano Estatístico Analitic 2020'!F206 -> 27 | G106: ='Plano Estatístico Analitic 2020'!G206 -> 90 | H106: ='Plano Estatístico Analitic 2020'!H206 -> 182 | I106: ='Plano Estatístico Analitic 2020'!I206 -> 180 | ... O106: ='Plano Estatístico Analitic 2020'!O206 -> 131.91667
A107: Nº de Exames de Eletroneuromiografia | B107: ='Plano Estatístico Analitic 2020'!B207 -> 108 | C107: ='Plano Estatístico Analitic 2020'!C207 -> 98 | D107: ='Plano Estatístico Analitic 2020'!D207 -> 73 | E107: ='Plano Estatístico Analitic 2020'!E207 -> 43 | F107: ='Plano Estatístico Analitic 2020'!F207 -> 21 | G107: ='Plano Estatístico Analitic 2020'!G207 -> 75 | H107: ='Plano Estatístico Analitic 2020'!H207 -> 81 | I107: ='Plano Estatístico Analitic 2020'!I207 -> 120 | ... O107: ='Plano Estatístico Analitic 2020'!O207 -> 92.916667
A108: Nº de Exames de Teste Ergométrico | B108: ='Plano Estatístico Analitic 2020'!B208 -> 158 | C108: ='Plano Estatístico Analitic 2020'!C208 -> 187 | D108: ='Plano Estatístico Analitic 2020'!D208 -> 80 | E108: ='Plano Estatístico Analitic 2020'!E208 -> 26 | F108: ='Plano Estatístico Analitic 2020'!F208 -> 23 | G108: ='Plano Estatístico Analitic 2020'!G208 -> 73 | H108: ='Plano Estatístico Analitic 2020'!H208 -> 137 | I108: ='Plano Estatístico Analitic 2020'!I208 -> 129 | ... O108: ='Plano Estatístico Analitic 2020'!O208 -> 115.91667
A109: Nº de Exames de Holter | B109: ='Plano Estatístico Analitic 2020'!B209 -> 66 | C109: ='Plano Estatístico Analitic 2020'!C209 -> 77 | D109: ='Plano Estatístico Analitic 2020'!D209 -> 48 | E109: ='Plano Estatístico Analitic 2020'!E209 -> 5 | F109: ='Plano Estatístico Analitic 2020'!F209 -> 10 | G109: ='Plano Estatístico Analitic 2020'!G209 -> 49 | H109: ='Plano Estatístico Analitic 2020'!H209 -> 89 | I109: ='Plano Estatístico Analitic 2020'!I209 -> 109 | ... O109: ='Plano Estatístico Analitic 2020'!O209 -> 68.75
A110: Nº de Exames de Imitanciometria | B110: ='Plano Estatístico Analitic 2020'!B210 -> 141 | C110: ='Plano Estatístico Analitic 2020'!C210 -> 104 | D110: ='Plano Estatístico Analitic 2020'!D210 -> 1 | E110: ='Plano Estatístico Analitic 2020'!E210 -> 0 | F110: ='Plano Estatístico Analitic 2020'!F210 -> 28 | G110: ='Plano Estatístico Analitic 2020'!G210 -> 120 | H110: ='Plano Estatístico Analitic 2020'!H210 -> 90 | I110: ='Plano Estatístico Analitic 2020'!I210 -> 102 | ... O110: ='Plano Estatístico Analitic 2020'!O210 -> 84.333333
A111: Nº de Exames de Mapa | B111: ='Plano Estatístico Analitic 2020'!B211 -> 39 | C111: ='Plano Estatístico Analitic 2020'!C211 -> 26 | D111: ='Plano Estatístico Analitic 2020'!D211 -> 24 | E111: ='Plano Estatístico Analitic 2020'!E211 -> 11 | F111: ='Plano Estatístico Analitic 2020'!F211 -> 20 | G111: ='Plano Estatístico Analitic 2020'!G211 -> 35 | H111: ='Plano Estatístico Analitic 2020'!H211 -> 45 | I111: ='Plano Estatístico Analitic 2020'!I211 -> 142 | ... O111: ='Plano Estatístico Analitic 2020'!O211 -> 57.75
A112: Nº de Exames de Raio-x Digital | B112: ='Plano Estatístico Analitic 2020'!B212 -> 717 | C112: ='Plano Estatístico Analitic 2020'!C212 -> 936 | D112: ='Plano Estatístico Analitic 2020'!D212 -> 758 | E112: ='Plano Estatístico Analitic 2020'!E212 -> 402 | F112: ='Plano Estatístico Analitic 2020'!F212 -> 253 | G112: ='Plano Estatístico Analitic 2020'!G212 -> 707 | H112: ='Plano Estatístico Analitic 2020'!H212 -> 857 | I112: ='Plano Estatístico Analitic 2020'!I212 -> 999 | ... O112: ='Plano Estatístico Analitic 2020'!O212 -> 798.83333
... A127: Tomografia Computadorizada | B127: ='Plano Estatístico Analitic 2020'!B227 -> 0 | C127: ='Plano Estatístico Analitic 2020'!C227 -> 0 | D127: ='Plano Estatístico Analitic 2020'!D227 -> 0 | E127: ='Plano Estatístico Analitic 2020'!E227 -> 0 | F127: ='Plano Estatístico Analitic 2020'!F227 -> 0 | G127: ='Plano Estatístico Analitic 2020'!G227 -> 0 | H127: ='Plano Estatístico Analitic 2020'!H227 -> 0 | I127: ='Plano Estatístico Analitic 2020'!I227 -> 0 | ... O127: ='Plano Estatístico Analitic 2020'!O227 -> 0
A128: Total | B128: =SUM(B101:B127) -> 3070 | C128: =SUM(C101:C127) -> 3347 | D128: =SUM(D101:D127) -> 2214 | E128: =SUM(E101:E127) -> 1208 | F128: =SUM(F101:F127) -> 910 | G128: =SUM(G101:G127) -> 2485 | H128: =SUM(H101:H127) -> 2831 | I128: =SUM(I101:I127) -> 3263 | ... O128: =SUM(O101:O127) -> 2732.6667
